 Dungeon Crawl Stone Soup version 0.27.0-1-g7a089689b8 (webtiles) character file.

Game seed: 6930218951508026490

1280870 RepoMan the Dwarf of Death (level 27, -10/219 (230) HPs)
             Began as a Deep Dwarf Necromancer on Aug 1, 2021.
             Was the Champion of Ru.
             Mangled by a bennu (19 damage)
             ... on level 3 of the Tomb of the Ancients on Aug 3, 2021.
             The game lasted 1 day 01:25:01 (99532 turns).

RepoMan the Dwarf of Death (DDNe)              Turns: 99532, Time: 1 , 01:25:02

HP:   -10/219 (230) AC: 52    Str: 20    XL:     27
MP:   7/56 (46)     EV: 14    Int: 32    God:    Ru [******]
Gold: 9421          SH: 35    Dex: 17    Spells: 3/65 levels left

rFire    + + .     SeeInvis +   e - +9 eveningstar (protect)
rCold    + + +     Faith    .   L - +7 tower shield {rC+ rF+}
rNeg     + + +     Spirit   .   d - +12 plate armour of the Quahog {Will+ rCorr Dex+4}
rPois    ∞         Reflect  +   m - +3 hat of Pondering {ponderous, Will+ MP+10 Int+5}
rElec    +         Harm     .   Z - +2 cloak {Will+}
rCorr    +         Rampage  .   F - +2 pair of gloves
Will     +++++                  b - +1 pair of boots of Purpose {Fly Int+2}
Stlth    ..........             i - amulet "Wiat" {Reflect Int+4 SH+5 SInv}
HPRegen  0.00/turn              j - ring of wizardry
MPRegen  0.35/turn              g - ring "Dulolo" {rElec rPois AC+4}

@: exhausted, about to teleport, lich-form, flying, slowed, studying Dodging,
lightly drained, very slow
A: draining attack, torment immunity, no potions, damage resistance, heal
wounds, frail 1, negative energy resistance 1, sense surroundings 3, no stealth,
weak-willed 1, unskilled 2, no regeneration, cold resistance 1, fire resistance
1, mutation resistance 1
}: 14/15 runes: serpentine, barnacled, slimy, silver, iron, obsidian, icy, bone,
abyssal, demonic, glowing, magical, fiery, dark
a: Heal Wounds, End Transformation, Renounce Religion, Draw Out Power, Power
Leap, Apocalypse


You were on level 3 of the Tomb of the Ancients.
You worshipped Ru.
Ru was exalted by your worship.
You were an undead lich.
You visited 18 branches of the dungeon, and saw 89 of its levels.
You visited Pandemonium 3 times, and saw 15 of its levels.
You visited the Abyss 3 times.
You visited 2 bazaars.
You also visited: Trove, Bailey, Ice Cave, Volcano and Wizlab.

You collected 15924 gold pieces.
You spent 6503 gold pieces at shops.

Inventory:

Hand Weapons
 e - a +9 eveningstar of protection (weapon)
 v - the +5 broad axe of Untruth {vamp, Str+4}
   (You found it on level 15 of the Dungeon)

   It occasionally heals its wielder for a portion of the damage dealt when it
   wounds a living foe.
   Str:       It affects your strength (+4).
Missiles
 a - 7 throwing nets (quivered)
Armour
 b - the +1 pair of boots of Purpose (worn) {Fly Int+2}
   (You found it in a treasure trove)

   Int:       It affects your intelligence (+2).
   Fly:       It grants you flight.
 d - the +12 plate armour of the Quahog (worn) {Will+ rCorr Dex+4}
   (You found it on level 3 of the Vaults)

   Dex:       It affects your dexterity (+4).
   rCorr:     It protects you from acid and corrosion.
   Will:      It increases your willpower.
 m - the +3 hat of Pondering (worn) {ponderous, Will+ MP+10 Int+5}
   (You took it off Gastronok on level 10 of the Dungeon)

   Int:       It affects your intelligence (+5).
   MP:        It affects your magic capacity (+10).
   Will:      It increases your willpower.
 F - a +2 pair of gloves (worn)
 L - a +7 tower shield of resistance (worn)
 Z - a +2 cloak of willpower (worn)
Jewellery
 g - the ring "Dulolo" (right hand) {rElec rPois AC+4}
   (You took it off a deep elf annihilator on level 3 of the Elven Halls)

   [ring of protection]

   AC:        It affects your AC (+4).
   rElec:     It insulates you from electricity.
   rPois:     It protects you from poison.
 i - the amulet "Wiat" (around neck) {Reflect Int+4 SH+5 SInv}
   (You found it in Pandemonium)

   [amulet of reflection]

   It reflects blocked missile attacks.
   Int:       It affects your intelligence (+4).
   SInv:      It lets you see invisible.
   SH:        It affects your SH (+5).
 j - a ring of wizardry (left hand)
 l - the amulet "Daxti" {RegenMP Fly rC+ Will+}
   (You found it on level 3 of the Crypt)

   [amulet of magic regeneration]

   It increases your rate of magic regeneration.
   rC:        It protects you from cold.
   Fly:       It grants you flight.
   Will:      It increases your willpower.
 o - the ring of Icsoig {rF+ rC+ Will+}
   (You acquired it on level 4 of the Snake Pit)

   [ring of protection from cold]

   rF:        It protects you from fire.
   rC:        It protects you from cold.
   Will:      It increases your willpower.
 p - the amulet "Boqat" {rF++ rC++ Regen+ Str+2}
   (You found it on level 7 of the Iron City of Dis)

   [amulet of regeneration]

   Str:       It affects your strength (+2).
   rF:        It greatly protects you from fire.
   rC:        It greatly protects you from cold.
   Regen:     It increases your rate of health regeneration.
 q - the ring of Quitoruemn {rF- rC+ Will+++ rCorr Int+2}
   (You bought it in a shop on level 2 of the Elven Halls)

   [ring of protection from cold]

   Int:       It affects your intelligence (+2).
   rF:        It makes you vulnerable to fire.
   rC:        It protects you from cold.
   rCorr:     It protects you from acid and corrosion.
   Will:      It greatly increases your willpower.
 C - the ring of Balance {rPois rN+ MP+9 SInv}
   (You bought it in a shop on level 2 of the Snake Pit)

   [ring of poison resistance]

   rPois:     It protects you from poison.
   rN:        It protects you from negative energy.
   MP:        It affects your magic capacity (+9).
   SInv:      It lets you see invisible.
 D - the amulet "Lex Temp" {Reflect rElec SH+5}
   (You found it on level 7 of Cocytus)

   [amulet of reflection]

   It reflects blocked missile attacks.
   rElec:     It insulates you from electricity.
   SH:        It affects your SH (+5).
 I - the amulet of the Echidna {Reflect rF+ SH+5}
   (You found it on level 5 of the Pits of Slime)

   [amulet of reflection]

   It reflects blocked missile attacks.
   rF:        It protects you from fire.
   SH:        It affects your SH (+5).
 K - the amulet of Gegoempu {RegenMP rF+}
   (You bought it in a shop on level 2 of the Snake Pit)

   [amulet of magic regeneration]

   It increases your rate of magic regeneration.
   rF:        It protects you from fire.
 Q - the ring of Sarayqa {Fire Will+ Str+4}
   (You found it on level 7 of the Iron City of Dis)

   [ring of fire]

   It enhances your fire magic.
   Str:       It affects your strength (+4).
   rF:        It protects you from fire.
   rC:        It makes you vulnerable to cold.
   Will:      It increases your willpower.
Wands
 s - a wand of acid (27)
 z - a wand of digging (6)
 H - a wand of mindburst (69)
 N - a wand of charming (53)
 R - a wand of paralysis (46)
 V - a wand of iceblast (39)
Scrolls
 h - 8 scrolls of fog
 r - 3 scrolls of brand weapon
 t - 5 scrolls of immolation
 x - 2 scrolls of silence
 y - 23 scrolls of teleportation
 G - a scroll of identify
 M - 7 scrolls of amnesia
 S - 9 scrolls of enchant weapon
 U - 3 scrolls of fear
 Y - 3 scrolls of torment
Potions
 c - 3 potions of invisibility
 f - 2 potions of ambrosia
 n - 22 potions of curing
 u - 3 potions of might
 w - 5 potions of magic
 A - 7 potions of brilliance
 B - 25 potions of mutation
 E - 3 potions of haste
 O - a potion of resistance
 P - a potion of berserk rage
 T - a potion of heal wounds
 W - 2 potions of cancellation


   Skills:
 + Level 17.0 Fighting
 - Level 14.6(14.7) Axes
 - Level 1.8(9.2) Maces & Flails
 + Level 16.8 Armour
 + Level 17.4 Dodging
 * Level 20.9 Shields
 * Level 19.8 Spellcasting
 - Level 9.0 Summonings
 O Level 27 Necromancy
 - Level 6.8 Translocations
 + Level 21.0 Transmutations
 - Level 12.3 Earth Magic
 - Level 2.6 Evocations


You had 3 spell levels left.
You knew the following spells:

 Your Spells              Type           Power      Damage    Failure   Level
b - Blink                 Tloc           N/A        N/A       1%          2
c - Death Channel         Necr           70%        N/A       1%          6
d - Animate Dead          Necr           70%        N/A       0%          4
e - Stone Arrow           Conj/Erth      100%       3d13      1%          3
g - Apportation           Tloc           100%       N/A       1%          1
h - Haunt                 Necr/Summ      60%        N/A       4%          7
i - Infestation           Necr           70%        N/A       1%          8
n - Necromutation         Tmut/Necr      67%        N/A       2%          8
u - Dispel Undead         Necr           100%       3d31      0%          4
v - Vampiric Draining     Necr           70%        2d16      0%          3
w - Wereblood             Tmut           100%       N/A       0%          2
x - Borgnjor's Vile Clut  Necr/Erth      62%        N/A       1%          5
D - Death's Door          Necr           70%        N/A       12%         9

Your spell library contained the following spells:

 Spells                   Type           Power      Damage    Failure   Level
 Animate Skeleton         Necr           100%       N/A       0%          1
 Beastly Appendage        Tmut           100%       N/A       0%          1
 Pain                     Necr           100%       1d9       0%          1
 Sublimation of Blood     Necr           70%        N/A       0%          2
 Sandblast                Erth           100%       2d20      1%          1
 Sting                    Tmut/Pois      100%       1d8       1%          1
 Summon Small Mammal      Summ           100%       N/A       1%          1
 Corpse Rot               Necr/Air       N/A        N/A       1%          2
 Passwall                 Tmut/Erth      79%        N/A       1%          2
 Call Canine Familiar     Summ           73%        N/A       1%          3
 Gell's Gravitas          Tloc           33%        N/A       1%          3
 Ignite Poison            Fire/Tmut/Pois 67%        N/A       1%          3
 Spider Form              Tmut/Pois      39%        N/A       1%          3
 Teleport Other           Tloc           66%        N/A       1%          3
 Summon Guardian Golem    Hex/Summ       57%        N/A       3%          3
 Portal Projectile        Hex/Tloc       100%       N/A       6%          3
 Corona                   Hex            34%        N/A       8%          1
 Foxfire                  Conj/Fire      100%       2x1d9     8%          1
 Freeze                   Ice            100%       1d11      8%          1
 Ensorcelled Hibernation  Hex/Ice        62%        N/A       12%         2
 Poisonous Vapours        Pois/Air       62%        N/A       12%         2
 Slow                     Hex            31%        N/A       12%         2
 Static Discharge         Conj/Air       31%        N/A       12%         2
 Confusing Touch          Hex            31%        N/A       22%         3
 Conjure Flame            Conj/Fire      31%        6-21      22%         3
 Dazzling Flash           Conj/Hex       62%        N/A       22%         3
 Frozen Ramparts          Ice            62%        1d8       22%         3
 Inner Flame              Hex/Fire       31%        N/A       22%         3
 Mephitic Cloud           Conj/Pois/Air  31%        N/A       22%         3
 Ozocubu's Armour         Ice            31%        N/A       22%         3
 Swiftness                Air            31%        N/A       22%         3
 Tukima's Dance           Hex            31%        N/A       22%         3
 Agony                    Necr           100%       N/A       0%          5
 Excruciating Wounds      Necr           70%        N/A       0%          5
 Animate Armour           Summ/Erth      100%       N/A       1%          4
 Ice Form                 Ice/Tmut       78%        N/A       1%          4
 Petrify                  Tmut/Erth      95%        N/A       1%          4
 Blade Hands              Tmut           52%        N/A       1%          5
 Lee's Rapid Deconstruct  Erth           42%        3d21*     1%          5
 Statue Form              Tmut/Erth      63%        N/A       1%          6
 Dragon Form              Tmut           52%        N/A       1%          7
 Borgnjor's Revivificati  Necr           70%        N/A       1%          8
 Alistair's Intoxication  Tmut/Pois      52%        N/A       2%          5
 Irradiate                Conj/Tmut      39%        3d27      2%          5
 Yara's Violent Unravell  Hex/Tmut       39%        3d16      2%          5
 Passage of Golubria      Tloc           N/A        N/A       4%          4
 Leda's Liquefaction      Hex/Erth       32%        N/A       6%          4
 Summon Forest            Summ/Tloc      35%        N/A       9%          5
 Summon Ice Beast         Ice/Summ       57%        N/A       12%         4
 Summon Lightning Spire   Summ/Air       57%        N/A       12%         4
 Manifold Assault         Tloc           66%        N/A       12%         5
 Eringya's Noxious Bog    Tmut/Pois      39%        N/A       16%         6
 Iskenderun's Mystic Bla  Conj/Tloc      52%        2d11      17%         4
 Shadow Creatures         Summ           N/A        N/A       26%         6
 Summon Mana Viper        Hex/Summ       57%        N/A       32%         5
 Bolt of Magma            Conj/Fire/Erth 27%        4d13      34%         5
 Dispersal                Tloc           33%        N/A       52%         6
 Airstrike                Air            15%        N/A       56%         4
 Cause Fear               Hex            15%        N/A       56%         4
 Fulminant Prism          Conj/Hex       15%        3d11      56%         4
 Hailstorm                Conj/Ice       31%        3d8       56%         4
 Olgreb's Toxic Radiance  Pois           31%        N/A       56%         4
 Sticky Flame             Conj/Fire      31%        2d5       56%         4
 Storm Form               Tmut/Air       39%        N/A       58%         7
 Iron Shot                Conj/Erth      32%        9d7       63%         6
 Monstrous Menagerie      Summ           36%        N/A       80%         7
 Summon Hydra             Summ           36%        N/A       80%         7
 Fireball                 Conj/Fire      15%        3d8       87%         5
 Freezing Cloud           Conj/Ice/Air   15%        6-21      87%         5
 Lightning Bolt           Conj/Air       15%        1d29      87%         5
 Metabolic Englaciation   Hex/Ice        15%        N/A       87%         5
 Silence                  Hex/Air        15%        N/A       87%         5
 Malign Gateway           Summ/Tloc      35%        N/A       91%         7
 Conjure Ball Lightning   Conj/Air       15%        3x3d6     100%        6
 Invisibility             Hex            15%        N/A       100%        6
 Starburst                Conj/Fire      15%        8x6d6     100%        6
 Ozocubu's Refrigeration  Ice            15%        4d8       100%        7
 Spellforged Servitor     Conj/Summ      28%        N/A       100%        7
 Discord                  Hex            15%        N/A       100%        8
 Disjunction              Tloc           33%        N/A       100%        8
 Ignition                 Fire           15%        3d6       100%        8
 Lehudib's Crystal Spear  Conj/Erth      32%        10d8      100%        8
 Chain Lightning          Conj/Air       15%        3d20      100%        9
 Dragon's Call            Summ           36%        N/A       100%        9
 Fire Storm               Conj/Fire      15%        8d4       100%        9
 Shatter                  Erth           42%        3d33*     100%        9


Dungeon Overview and Level Annotations

Branches:
Dungeon (15/15)            Temple (1/1) D:5            Lair (6/6) D:8
 Shoals (4/4) Lair:3        Snake (4/4) Lair:3        Slime (5/5) Lair:6
    Orc (2/2) D:12            Elf (3/3) Orc:2        Vaults (5/5) D:14
  Crypt (3/3) Vaults:3       Tomb (3/3) Crypt:3      Depths (5/5) D:15
   Hell (visited)             Dis (7/7) Hell            Geh (7/7) Hell
    Coc (7/7) Hell            Tar (7/7) Hell            Zot (4/5) Depths:5
 Bailey (visited)           IceCv (visited)         Volcano (visited)
 WizLab (visited)

Altars:
Ashenzari
Cheibriados
Dithmenos
Elyvilon
Fedhas
Gozag
Hepliaklqana
Kikubaaqudgha
Makhleb
Nemelex Xobeh
Okawaru
Qazlal
Ru
Sif Muna
Trog
Uskayaw
Vehumet
Wu Jian
Xom
Yredelemnul
Zin
The Shining One
Beogh
Jiyva
Lugonu

Shops:
D:3 [   D:5 !   D:11 [=!:(   Orc:2 (([:   Elf:1 *   Elf:2 !*=   Elf:3 *
Snake:2 =::   Vaults:2 (*   Vaults:3 (

Portals:
Hell: Depths:1 Depths:2 Depths:3 Depths:4 Depths:5
Abyss: Depths:2 Depths:4
Pandemonium: Depths:2 Depths:3 Depths:4
Ziggurat: Depths:2


Innate Abilities, Weirdness & Mutations

You are an undead lich.
Your unarmed attacks are suffused with negative energy.
You are immune to unholy pain and torment.
Your necromantic spells are more powerful.
You are immune to poison.
You cannot drink.
You are resistant to damage.
You can heal yourself by infusing magical energy.
You are frail. (-10% HP)
You resist negative energy. (rN+)
You passively map a large area around you.
You cannot be stealthy.
You are slightly weak-willed. (Will-)
You are unskilled. (-2 Apt)
You do not regenerate.
Your flesh is cold resistant. (rC+)
Your flesh is heat resistant. (rF+)
You are somewhat resistant to further mutation.


Message History

You redirect the lich's attack!
The lich touches itself.
The royal mummy begins to cast a spell, but is stunned by your conviction!
You block the emperor scorpion's attack. x3
The royal mummy begins to cast a spell, but is stunned by your conviction!
The royal mummy casts a spell at you. Something smites you!
* * * LOW HITPOINT WARNING * * *
The royal mummy gestures at you while chanting.
Something smites you!
* * * LOW HITPOINT WARNING * * *
The bennu pecks you. The bennu sears you!!
* * * LOW HITPOINT WARNING * * *
The bennu claws you but does no damage. The bennu claws you!
* * * LOW HITPOINT WARNING * * *
Unknown command.
Unknown command.
Unknown command.
Okay, then.
Unknown command.
Unknown command.
Unknown command.
Unknown command.
Unknown command.
Unknown command.
As you read the scroll of teleportation, it crumbles to dust.
You feel strangely unstable. You block the lich's attack. The bennu misses you.
The bennu closely misses you. The bennu claws you but does no damage.
The royal mummy casts a spell.
You block the lich's attack.
The royal mummy mumbles some strange words.
You block the emperor scorpion's attack.
The emperor scorpion claws you but does no damage.
The emperor scorpion closely misses you.
The royal mummy mumbles some strange words.
The royal mummy casts a spell.
You redirect the royal mummy's attack!
The mummy priest utters an invocation to its god.
The bennu pecks you. The bennu sears you!!
You die...

... #§..V†.#, .
, , ,*
....#.B)^M.#...
,
...ssM4MMMZ'...
, , * , ,
,.M..#ZWzBMM#...
, * ,.
..#BBMMMM#... ,
, ,,..


#VMMMMB# .. , ** , ... #ZsMVMb# , , ,, *,,, ...* #M4MzbL#* , , * ** ,,^ *
#.szMsL# , , ** * ######## * You could see 7 royal mummies, 4 emperor scorpions,
a lich (fast, invisible, infested), 2 bennus, 5 mummy priests, a jiangshi
(summoned, inner flame), 3 guardian mummies, an ice devil (summoned, inner
flame), a freezing wraith (summoned, inner flame), a spectral snapping turtle
(summoned), a spectral frost giant (summoned), a chaos spawn (summoned), a
vampire (summoned), 5 death scarabs, 2 flying skulls, 5 mummies and a titan
skeleton.

Vanquished Creatures
  Asmodeus (Geh:7)
  Ereshkigal (Tar:7)
  Gloorx Vloq (Pan)
  Lom Lobon (Pan)
  Mnoleg (Pan)
  A dread lich (Depths:2)
  Khufu (Crypt:2)
  An ancient lich (Vaults:5)
  Mennas (Depths:3)
  A pandemonium lord (Pan)
  Sojobo (Vaults:3)
  21 royal mummies
  Boris (twice) (Vaults:5 Crypt:1)
  5 shard shrikes
  Bai Suzhen (Vaults:5)
  Xtahua (Crypt:2)
  A caustic shrike (shapeshifter) (Depths:4)
  2 caustic shrikes (Depths:5)
  A curse toe (Zot:4)
  Geryon (Hell)
  10 golden dragons
  Nikola (Vaults:1)
  The ghost of Waammiq the Devastator, a veteran GrEE of Lugonu (Crypt:2)
  Jory (Crypt:3)
  A pearl dragon (Pan)
  7 bone dragons
  6 Tzitzimimeh
  13 Brimstone Fiends
  2 electric golems
  An iron giant (Dis:7)
  Rupert (Orc:2)
  5 doom hounds
  8 Ice Fiends
  12 tentacled monstrosities
  16 liches
  A Hell Sentinel (Pan)
  9 quicksilver dragons
  2 deep elf blademasters
  A deep elf master archer (Elf:3)
  21 acid blobs
  5 titans
  7 tentacled starspawn
  The ghost of iamserjio the Warrior, an adept OpNe of Okawaru (Elf:3)
  7 ancient champions
  Murray (Hell)
  A kraken (Shoals:3)
  8 death cobs
  8 Executioners
  Gastronok (D:10)
  8 tengu reavers
  10 shadow dragons
  7 storm dragons
  10 sphinxes
  Donald (Crypt:2)
  8 revenants
  Kirke (Lair:4)
  4 daevas (Pan)
  4 nagarajas
  5 frost giants
  11 rockslimes
  13 azure jellies
  8 draconian monks
  A fire giant (shapeshifter) (Depths:4)
  Ilsuiw (Shoals:3)
  13 deep elf sorcerers
  An azure jelly (shapeshifter) (WizLab)
  7 fire giants
  4 ghost moths
  4 orc warlords
  6 iron dragons
  3 draconian knights (Zot:1)
  9 vault wardens
  2 juggernaut zombies (Depths:3)
  A caustic shrike zombie (Depths:3)
  18 balrugs
  A black sun (Pan)
  5 draconian scorchers
  6 curse skulls
  8 draconian shifters
  8 ghouls
  2 warmongers (Pan)
  3 cacodemons (Pan)
  4 deep elf elementalists
  2 draconian stormcallers
  3 draconian annihilators
  26 reapers
  11 angels
  25 very ugly things
  8 quicksilver oozes
  3 spriggan defenders
  11 war gargoyles
  10 stone giants
  13 ironbound preservers
  2 corrupters (Pan)
  4 blood saints (Pan)
  2 ophanim (Pan)
  4 green draconians
  3 elemental wellsprings (Coc:7)
  23 vampire knights
  8 deep elf annihilators
  9 deep elf demonologists
  3 lorocyprocas
  9 apis (Pan)
  4 entropy weavers
  4 black draconians
  2 bennus (Tomb:2)
  10 dire elephants
  5 purple draconians
  12 red draconians
  7 white draconians
  7 yellow draconians
  2 spark wasps (Depths:2)
  6 eidola
  13 merfolk impalers
  3 quicksilver dragon zombies
  14 ettins
  7 deep elf death magi
  14 fire dragons
  3 merfolk javelineers
  13 yaktaur captains
  18 blizzard demons
  7 green deaths
  10 mummy priests
  A great orb of eyes (shapeshifter) (Depths:5)
  13 jiangshi
  5 deep elf high priests
  2 kraken zombies
  15 hydras
  3 monstrous demonspawn
  Harold (Lair:2)
  4 great orbs of eyes
  A hydra (shapeshifter) (Depths:5)
  9 rakshasas
  34 vault guards
  4 quicksilver dragon skeletons
  8 boulder beetles
  3 hell beasts
  3 salamander tyrants (Snake:4)
  Erica (D:8)
  10 naga warriors
  13 ice dragons
  A peacekeeper (Vaults:3)
  3 merfolk avatars (Shoals:3)
  4 catoblepae
  2 caustic shrike simulacra (IceCv)
  5 anacondas
  5 ironbound thunderhulks
  8 ogre magi
  34 two-headed ogres
  2 death knights
  16 centaur warriors
  An alligator snapping turtle (Shoals:4)
  A two-headed ogre (shapeshifter) (WizLab)
  36 dancing weapons
  7 merfolk aquamancers
  2 spriggan air magi
  4 deep troll earth magi
  2 ironbound frosthearts (Vaults:2)
  A satyr (Shoals:4)
  3 hell hogs
  14 vampire magi
  39 death scarabs
  Urug (D:10)
  4 death yaks (Lair:6)
  27 hell knights
  17 thrashing horrors
  A titan zombie (Depths:3)
  2 deep troll shamans
  A shock serpent (shapeshifter) (WizLab)
  13 ironbound beastmasters
  4 tengu warriors
  A spriggan berserker (Depths:5)
  2 orc high priests
  10 naga sharpshooters
  12 shock serpents
  2 spriggans
  Sonja (Lair:3)
  23 sun demons
  3 iron golems
  24 soul eaters
  A titan skeleton (Pan)
  A wretched star (Abyss:4)
  7 storm dragon zombies
  6 shadow wraiths
  13 deep elf knights
  13 sixfirhies
  4 salamander mystics
  A fire crab (shapeshifter) (Depths:4)
  61 skeletal warriors
  A spark wasp zombie (Depths:3)
  6 golden dragon zombies
  2 iron trolls
  10 sea snakes
  A ghost moth zombie (Crypt:3)
  A cherub (Pan)
  3 storm dragon skeletons
  3 spatial maelstroms (Abyss:4)
  A deep troll (shapeshifter) (WizLab)
  3 infernal demonspawn (Pan)
  4 torturous demonspawn (Pan)
  5 obsidian statues
  7 anaconda zombies
  A naga ritualist (Snake:3)
  3 tengu zombies
  A glowing orange brain (shapeshifter) (Depths:4)
  10 glowing orange brains
  8 flayed ghosts
  A swamp dragon (shapeshifter) (Abyss:1)
  13 wizards
  6 gelid demonspawn (Pan)
  3 anaconda skeletons
  10 deep elf archers
  7 ironbound convokers
  41 deep trolls
  An orange crystal statue (Depths:1)
  4 bog bodies
  9 lindwurms
  12 shadow demons
  2 lindwurms (shapeshifter)
  30 harpies
  A wolf spider zombie (Tar:5)
  29 deep elf pyromancers
  26 phantasmal warriors
  2 harpies (shapeshifter) (WizLab)
  19 necromancers
  An orb spider (shapeshifter) (WizLab)
  37 deep elf zephyrmancers
  10 mana vipers
  13 orc knights
  A wolf spider (D:15)
  2 shadow dragon skeletons
  2 stone giant zombies
  6 fauns (Shoals:3)
  A worldbinder (Abyss:4)
  11 orc sorcerers
  2 frost giant zombies
  4 shining eyes
  An eleionoma zombie (Crypt:2)
  68 ugly things
  An oklob plant (Lair:4)
  2 fire giant zombies (Depths:3)
  17 salamanders
  3 apocalypse crabs
  20 moths of wrath
  5 cyclopes
  23 manticores
  An elephant (shapeshifter) (WizLab)
  11 water nymphs
  5 merfolk sirens
  A frost giant skeleton (Vaults:2)
  Maurice (D:8)
  30 black mambas
  2 fire giant skeletons
  An iron dragon skeleton (Dis:1)
  A dire elephant zombie (Geh:7)
  11 guardian serpents
  14 naga magi
  17 vault sentinels
  3 black mambas (shapeshifter) (WizLab)
  3 eyes of devastation
  A stone giant skeleton (Coc:6)
  A water nymph (shapeshifter) (Depths:4)
  Maggie (D:6)
  An ice statue (D:15)
  11 molten gargoyles
  18 rust devils
  43 smoke demons
  A torpor snail (Lair:6)
  10 orange demons
  3 dire elephant skeletons
  An unseen horror (shapeshifter) (WizLab)
  A minotaur zombie (Tar:3)
  2 gargoyles
  2 human zombies
  12 cane toads
  A catoblepas zombie (Crypt:3)
  21 hellions
  3 efreet
  2 elves (WizLab)
  An emperor scorpion zombie (Crypt:3)
  2 demonic crawlers
  2 komodo dragons (shapeshifter) (WizLab)
  6 komodo dragons
  A pale draconian zombie (Crypt:1)
  2 rime drakes
  A rime drake (shapeshifter) (WizLab)
  17 yaktaurs
  2 hellwings
  A sea snake zombie (Hell)
  32 guardian mummies
  18 freezing wraiths
  3 tengu conjurers
  4 anaconda simulacra
  4 harpy zombies
  21 ice devils
  4 hydra zombies
  A golden dragon simulacrum (IceCv)
  33 merfolk
  22 tormentors
  5 ancient zymes
  15 red devils
  A catoblepas skeleton (Crypt:3)
  2 silent spectres
  10 wind drakes
  A meliai (shapeshifter) (Depths:4)
  8 trolls
  3 polar bears
  A hornet (shapeshifter) (WizLab)
  2 queen bees (shapeshifter)
  2 meliai (D:13)
  4 hydra skeletons
  2 alligator zombies
  A wolf spider simulacrum (D:15)
  6 ice dragon zombies
  3 wind drakes (shapeshifter)
  A hornet (Depths:3)
  35 raiju
  85 slime creatures
  19 blink frogs
  3 harpy skeletons
  A tarantella zombie (Crypt:2)
  Prince Ribbit (Lair:2)
  A blink frog (shapeshifter) (WizLab)
  3 ettin zombies
  3 fire dragon zombies
  2 dream sheep (shapeshifter)
  11 dream sheep
  36 large abominations
  8 snapping turtles
  31 starcursed masses
  18 vampires
  A frost giant simulacrum (Coc:3)
  2 ice dragon skeletons
  7 shadows
  36 water elementals
  3 fire dragon skeletons
  A redback (shapeshifter) (Depths:5)
  11 air elementals
  45 flying skulls
  13 ynoxinuls
  2 spriggans (shapeshifter) (WizLab)
  2 dire elephant simulacra (IceCv)
  55 yaks
  5 redbacks
  3 ettin skeletons
  2 nameless horrors (Pan)
  24 wraiths
  A tarantella (Vaults:2)
  11 ushabtiu
  8 humans
  A human (shapeshifter) (WizLab)
  8 basilisks
  3 wyverns
  A yak (shapeshifter) (WizLab)
  12 fire elementals
  2 hogs (shapeshifter)
  Eustachio (D:6)
  6 fire bats
  A tarantella (shapeshifter) (D:15)
  A fire bat (shapeshifter) (WizLab)
  2 steam dragons
  7 golden eyes
  11 vampire mosquitoes
  A basilisk (shapeshifter) (WizLab)
  16 chaos spawn
  17 neqoxecs
  Menkaure (D:5)
  A warg (shapeshifter) (WizLab)
  A harpy simulacrum (Coc:2)
  A torturous demonspawn zombie (Crypt:3)
  5 wargs
  A merfolk zombie (Coc:3)
  34 nagas
  3 spatial vortices (Abyss:4)
  An acid dragon (D:8)
  A swamp worm (Abyss:4)
  2 cane toad zombies
  14 water moccasins
  5 floating eyes
  A hydra simulacrum (Coc:6)
  A deep troll skeleton (Crypt:2)
  29 hell hounds
  31 orc warriors
  3 ice beasts
  A black bear (D:7)
  2 black bears (shapeshifter)
  4 snapping turtle zombies
  2 alligator simulacra (IceCv)
  28 ogres
  20 necrophages
  4 swamp dragon zombies
  An elephant skeleton (Crypt:2)
  A manticore zombie (Geh:7)
  An ogre (shapeshifter) (Depths:4)
  4 wolves (Lair:3)
  4 snapping turtle skeletons
  4 human skeletons
  10 centaurs
  3 phantoms
  12 earth elementals
  4 gnoll sergeants
  9 bullfrogs
  2 wyvern zombies
  A scorpion (D:6)
  29 small abominations
  A snapping turtle simulacrum (Tomb:3)
  A raiju zombie (Crypt:3)
  A spriggan skeleton (Coc:3)
  A troll skeleton (Crypt:2)
  21 wights
  A howler monkey (shapeshifter) (Depths:4)
  An electric eel (D:15)
  8 howler monkeys
  7 centaur zombies
  2 crimson imps
  2 quasits (Abyss:1)
  A hound (D:4)
  2 jellies (D:7)
  2 centaur skeletons
  2 gnoll shamans
  14 orc priests
  11 iron imps
  A scorpion zombie (Crypt:1)
  2 iguanas
  7 hell rats
  14 orc wizards
  6 polar bear simulacra (Lair:2)
  3 yak simulacra (Lair:2)
  A spriggan simulacrum (Crypt:3)
  2 wolf simulacra (Lair:2)
  An ogre zombie (Crypt:3)
  A demigod zombie (Crypt:3)
  A dwarf zombie (Crypt:1)
  An acid dragon skeleton (Crypt:1)
  A felid skeleton (Crypt:2)
  A tengu skeleton (Crypt:2)
  39 mummies
  A howler monkey zombie (D:10)
  35 gnolls
  7 adders
  A river rat (shapeshifter) (Depths:4)
  4 shadow imps
  6 white imps
  5 ufetubi
  An iguana zombie (Crypt:2)
  An adder skeleton (D:4)
  A worm (D:3)
  2 dart slugs
  72 orcs
  6 bats
  A bat zombie (Crypt:1)
  4 endoplasms
  5 giant cockroaches
  20 goblins
  25 hobgoblins
  8 jackals
  12 kobolds
  A quokka (D:2)
  8 ball pythons
  A bat (shapeshifter) (Depths:4)
  2 frilled lizards
  2 kobold skeletons
  3 orc skeletons
  6 rats
  A rat skeleton (Crypt:3)
  A ball lightning (Depths:4)
  5 starspawn tentacles
  7 tentacles
3585 creatures vanquished.

Vanquished Creatures (collateral kills)
  Cerebov (Pan)
  Antaeus (Coc:7)
  the Royal Jelly (Slime:5)
  the Serpent of Hell (Coc:7)
  Dispater (Dis:7)
  6 royal mummies
  Boris (Depths:5)
  7 shard shrikes
  2 pandemonium lords (Pan)
  A caustic shrike (Depths:5)
  2 curse toes (Zot:4)
  A mutant beast (WizLab)
  2 golden dragons
  16 Tzitzimimeh
  7 doom hounds
  12 bone dragons
  10 Brimstone Fiends
  2 electric golems
  6 iron giants
  4 tentacled monstrosities
  11 Hell Sentinels
  2 liches (Tar:4)
  7 Ice Fiends
  8 ancient champions
  2 quicksilver dragons (Dis:1)
  An acid blob (Slime:5)
  2 death cobs
  An Executioner (Dis:7)
  A tengu reaver (Vaults:5)
  3 sphinxes
  4 shadow dragons
  The ghost of Kilet the Geomancer, an adept GrEE of Vehumet (D:14)
  2 draconian monks
  A storm dragon (Zot:2)
  2 rockslimes (Slime:5)
  An azure jelly (Slime:5)
  A revenant (Tomb:2)
  A ghost moth (Zot:2)
  A frost giant (Vaults:5)
  A deep elf sorcerer (Abyss:1)
  3 vault wardens
  2 fire giants
  A draconian knight (Zot:1)
  17 balrugs
  2 draconian shifters
  9 iron dragons
  12 cacodemons
  2 corrupters (Pan)
  A deep elf elementalist (Abyss:1)
  4 ironbound preservers
  8 very ugly things
  7 war gargoyles
  55 reapers
  4 bennus
  3 green draconians
  A blood saint (Pan)
  A vampire knight (Tar:3)
  A lorocyproca (Hell)
  A black draconian (Zot:1)
  A stone giant (Depths:1)
  A spark wasp (Depths:2)
  An entropy weaver (Vaults:5)
  A purple draconian (Zot:3)
  A deep elf annihilator (Depths:5)
  4 red draconians
  3 yellow draconians
  3 white draconians
  A crystal guardian (Vaults:3)
  A deep elf death mage (Vaults:5)
  5 quicksilver dragon zombies
  8 blizzard demons
  A green death (Pan)
  2 spectral krakens (Tar:7)
  3 yaktaur captains
  7 mummy priests
  2 kraken zombies (Hell)
  4 fire dragons
  4 hydras (Depths:5)
  2 ironbound thunderhulks
  A monstrous demonspawn (Pan)
  A naga warrior (Snake:2)
  3 vault guards (Vaults:2)
  2 quicksilver dragon skeletons
  13 ice dragons
  A ghost crab (Tar:4)
  An anaconda (Snake:3)
  2 centaur warriors
  3 dancing weapons (Depths:4)
  30 death scarabs
  A deep troll shaman (Depths:2)
  4 titan zombies
  2 vampire magi
  A spriggan berserker (Depths:5)
  25 hell hogs
  A storm dragon zombie (Coc:7)
  12 soul eaters
  29 sun demons
  16 iron golems
  33 hell knights
  2 deep elf knights (Elf:3)
  2 titan skeletons
  10 sixfirhies (Pan)
  A death drake (Tar:3)
  9 anaconda zombies
  9 iron trolls
  2 shadow wraiths (Pan)
  A goliath frog (shapeshifter) (Depths:4)
  100 skeletal warriors
  5 storm dragon skeletons
  A torturous demonspawn (Pan)
  2 glowing orange brains (Depths:4)
  A salamander mystic (Snake:2)
  2 ghost moth zombies
  14 deep trolls
  7 flayed ghosts
  6 anaconda skeletons
  2 tengu zombies
  2 golden dragon zombies
  22 shadow demons
  2 golden dragon skeletons
  A deep troll (shapeshifter) (Vaults:5)
  An orc knight (Vaults:5)
  An orange crystal statue (Abyss:1)
  8 shadow dragon zombies
  A lindwurm (shapeshifter) (Vaults:5)
  4 wizards
  12 phantasmal warriors
  6 stone giant zombies
  5 necromancers
  A deep elf pyromancer (Elf:2)
  2 lindwurms (Vaults:2)
  2 iron dragon zombies
  A cyclops (shapeshifter) (Vaults:5)
  4 wolf spider zombies
  3 shining eyes
  6 frost giant zombies
  3 shadow dragon skeletons
  A manticore (Depths:5)
  2 salamanders
  4 ugly things
  A deep elf zephyrmancer (Elf:2)
  7 fire giant zombies
  3 moths of wrath
  6 frost giant skeletons
  12 large abominations
  7 stone giant skeletons
  3 shock serpent zombies
  A water nymph (shapeshifter) (Depths:5)
  An ice statue (Hell)
  4 fire giant skeletons
  2 dire elephant zombies
  8 molten gargoyles
  A black mamba (Snake:4)
  A titan simulacrum (Coc:7)
  3 iron dragon skeletons
  3 vault sentinels (Vaults:2)
  2 eyes of devastation (Pan)
  9 smoke demons
  34 rust devils
  12 orange demons (Pan)
  27 tormentors
  10 spectral swamp worms (Tar:7)
  3 emperor scorpion zombies
  2 storm dragon simulacra (Coc:7)
  A shock serpent skeleton (Geh:1)
  A catoblepas zombie (Dis:7)
  20 ice devils
  19 freezing wraiths
  2 dire elephant skeletons
  16 guardian mummies
  8 yaktaurs
  25 hellions
  2 efreet
  5 demonic crawlers (Pan)
  A black draconian skeleton (Geh:5)
  3 anaconda simulacra
  An ancient zyme (Abyss:4)
  A catoblepas skeleton (Tar:7)
  2 harpy zombies
  9 hellwings
  A merfolk (Shoals:4)
  13 hydra zombies
  27 red devils
  2 trolls (Vaults:5)
  A shadow dragon simulacrum (Coc:3)
  A wolf spider simulacrum (Coc:3)
  2 harpy skeletons
  2 human skeletons
  A dream sheep (Shoals:3)
  2 hydra skeletons
  A hornet (Depths:5)
  A raiju (Abyss:4)
  5 slime creatures
  4 ice dragon zombies
  5 ettin zombies
  5 fire dragon zombies
  6 alligator zombies
  6 ynoxinuls (Pan)
  8 ettin skeletons
  57 flying skulls
  A redback (shapeshifter) (Depths:2)
  2 ice dragon skeletons
  4 fire dragon skeletons
  27 wraiths
  2 alligator skeletons
  A wyvern (Depths:5)
  10 ushabtiu
  8 water elementals
  A black mamba skeleton (Tar:7)
  11 shadows
  2 fire bats (Abyss:1)
  18 fire elementals
  4 golden eyes (Pan)
  2 chaos spawn
  A basilisk (Lair:5)
  10 neqoxecs (Pan)
  A spatial vortex (Abyss:1)
  2 hydra simulacra
  3 nagas (Snake:4)
  A floating eye (Pan)
  68 hell hounds
  7 cane toad zombies
  5 cane toad skeletons
  3 swamp dragon zombies
  3 ice beasts
  A manticore zombie (Dis:7)
  2 orc warriors (Vaults:5)
  An infernal demonspawn skeleton (Geh:7)
  4 snapping turtle zombies
  18 necrophages
  An ogre (D:14)
  3 snapping turtle skeletons
  3 manticore skeletons
  3 phantoms
  A swamp dragon skeleton (Geh:1)
  An elf zombie (Coc:7)
  An elf skeleton (Coc:7)
  34 wights
  A troll skeleton (Coc:4)
  6 crimson imps
  4 human zombies
  An orc priest (Vaults:4)
  A centaur skeleton (Geh:3)
  26 iron imps
  An orc wizard (D:9)
  A naga zombie (Coc:7)
  An ogre zombie (Geh:2)
  37 mummies
  A gnoll (Bailey)
  3 shadow imps
  5 white imps
  An ufetubus (Pan)
  3 orcs
  A goblin (Bailey)
  2 orc zombies
  A starspawn tentacle (Abyss:1)
  4 tentacles
1575 creatures vanquished.

Vanquished Creatures (others)
  A royal mummy (Tomb:1)
  A shard shrike (Coc:2)
  A caustic shrike (Depths:5)
  2 golden dragons
  An electric golem (Zot:4)
  Jorgrun (D:12)
  A titan (Vaults:5)
  An acid blob (Slime:5)
  An eldritch tentacle (Pan)
  3 Executioners (Pan)
  A sphinx (Tomb:1)
  A shadow dragon (Depths:5)
  A rockslime (Slime:5)
  2 deep elf sorcerers
  3 balrugs
  A draconian stormcaller (Zot:1)
  A reaper (Coc:7)
  A draconian annihilator (Zot:1)
  2 quicksilver oozes
  A black draconian (Zot:2)
  A stone giant (Vaults:3)
  A very ugly thing (Vaults:5)
  A deep elf demonologist (Depths:2)
  2 dire elephants
  An elemental wellspring (Coc:7)
  Snorg (D:10)
  A blizzard demon (Coc:7)
  A merfolk javelineer (Shoals:4)
  A green death (Pan)
  A merfolk impaler (Shoals:4)
  2 fire dragons (Depths:1)
  An ice dragon (Depths:5)
  A quicksilver dragon skeleton (Geh:7)
  A hell beast (Depths:3)
  Erolcha (D:11)
  2 salamander tyrants
  A satyr (Shoals:3)
  2 dancing weapons
  A hell hog (Geh:5)
  5 death scarabs
  3 thrashing horrors (Abyss:1)
  A sun demon (Pan)
  3 skeletal warriors
  A soul eater (Pan)
  An infernal demonspawn (Pan)
  2 spatial maelstroms
  A shadow demon (Tar:7)
  3 deep trolls
  A shadow dragon zombie (Geh:7)
  A wolf spider zombie (Geh:7)
  A phantasmal warrior (Crypt:3)
  4 deep elf zephyrmancers
  A wizard (Pan)
  A necromancer (Geh:1)
  A frost giant zombie (Depths:3)
  4 slime creatures
  3 ugly things
  A manticore (Shoals:4)
  A worldbinder (Abyss:4)
  3 moths of wrath
  2 black mambas (Snake:3)
  A guardian serpent (Snake:4)
  3 rust devils
  A demonic crawler (Pan)
  2 yaktaurs
  A hellion (Geh:1)
  A tengu conjurer (Depths:4)
  2 guardian mummies (Tomb:3)
  An ancient zyme (Abyss:1)
  A freezing wraith (Coc:7)
  2 merfolk
  A harpy zombie (Geh:7)
  A red devil (Abyss:1)
  A raiju (Abyss:4)
  A slime creature (shapeshifter) (Depths:5)
  5 large abominations
  An ettin zombie (Geh:7)
  2 flying skulls (Geh:3)
  An alligator skeleton (Geh:7)
  A fire dragon skeleton (Coc:3)
  A wraith (Geh:7)
  2 water elementals
  A fire bat (Abyss:4)
  A neqoxec (Abyss:1)
  A human (Depths:2)
  A naga (Abyss:4)
  A spatial vortex (Abyss:4)
  A hell hound (Geh:2)
  A necrophage (Geh:1)
  2 wights (Geh:3)
  2 howler monkeys (D:9)
  A small abomination (Abyss:1)
  An iron imp (Dis:7)
  4 hell rats (Hell)
  A white imp (Coc:7)
  3 orcs
  17 ball lightnings
  2 fire vortices (Pan)
  28 fungi
  A lurking horror (Abyss:4)
  143 plants
  25 starspawn tentacles
  19 tentacles
382 creatures vanquished.

Grand Total: 5542 creatures vanquished

Notes
Turn   | Place    | Note
-------+----------+-------------------------------------------
     0 | D:1      | RepoMan the Deep Dwarf Necromancer began the quest for the
                  | Orb.
     0 | D:1      | Reached XP level 1. HP: 15/15 MP: 3/3
   383 | D:1      | Learned a level 1 spell: Animate Skeleton
   442 | D:1      | Reached XP level 2. HP: 22/22 MP: 3/5
  1081 | D:1      | Reached skill level 5 in Necromancy
  1310 | D:2      | Reached XP level 3. HP: 28/28 MP: 6/6
  1578 | D:2      | Learned a level 3 spell: Vampiric Draining
  1878 | D:3      | Reached XP level 4. HP: 28/36 MP: 3/7
  2028 | D:3      | Found Bithroesk's Armour Emporium.
  2369 | D:3      | Reached skill level 6 in Necromancy
  2573 | D:2      | Found a faded altar of an unknown god.
  3047 | D:4      | Noticed an ogre
  3055 | D:4      | Killed an ogre
  3056 | D:4      | Reached skill level 1 in Fighting
  3056 | D:4      | Reached skill level 1 in Armour
  3056 | D:4      | Reached XP level 5. HP: 44/44 MP: 3/9
  3256 | D:4      | Reached XP level 6. HP: 51/51 MP: 7/10
  3442 | D:4      | Reached skill level 7 in Necromancy
  3975 | D:5      | Entered Level 5 of the Dungeon
  4127 | D:5      | Found Giff's Distillery.
  4141 | D:5      | Bought a potion of curing for 42 gold pieces
  4141 | D:5      | Bought a potion of curing for 42 gold pieces
  4152 | D:5      | Reached XP level 7. HP: 56/60 MP: 12/12
  4157 | D:5      | Learned a level 4 spell: Animate Dead
  4528 | D:5      | Noticed Menkaure
  4535 | D:5      | Killed Menkaure
  4541 | D:5      | Found a staircase to the Ecumenical Temple.
  4550 | Temple   | Entered the Ecumenical Temple
  4558 | Temple   | Became a worshipper of Ru the Awakened
  4793 | D:5      | Reached skill level 8 in Necromancy
  5063 | D:6      | Reached XP level 8. HP: 35/69 MP: 14/14
  5300 | D:6      | Noticed Eustachio
  5307 | D:6      | Killed Eustachio
  5360 | D:6      | Identified the +4 hunting sling "Xairoret" {speed, rC+
                  | Stlth+}
  5375 | D:6      | Noticed Maggie
  5411 | D:6      | Killed Maggie
  5412 | D:6      | Reached skill level 9 in Necromancy
  5420 | D:6      | Learned a level 5 spell: Agony
  5720 | D:6      | Reached skill level 5 in Armour
  5720 | D:6      | Gained mutation: You passively map the area around you.
                  | [Deep Dwarf growth]
  5720 | D:6      | Reached XP level 9. HP: 65/78 MP: 9/16
  6197 | D:7      | Reached skill level 5 in Spellcasting
  6471 | D:7      | Reached skill level 10 in Necromancy
  7091 | D:7      | Reached skill level 5 in Fighting
  7091 | D:7      | Reached skill level 5 in Stealth
  7336 | D:8      | Noticed Erica
  7450 | D:8      | Found a staircase to the Lair.
  7450 | D:8      | Noticed a komodo dragon
  7489 | D:8      | Noticed a two-headed ogre
  7572 | D:8      | Found a flagged portal.
  7579 | Bailey   | Entered a bailey
  8002 | Bailey   | Gained mutation: You cannot be stealthy. [Ru sacrifice]
  8176 | Bailey   | Noticed an orc warlord
  8349 | Bailey   | Noticed an orc knight
  8364 | Bailey   | Killed an orc knight
  8365 | Bailey   | Reached XP level 10. HP: 70/88 MP: 0/18
  8888 | D:8      | Killed a two-headed ogre
  8889 | D:8      | Reached skill level 11 in Necromancy
  9033 | D:8      | Noticed Maurice
  9045 | D:8      | Killed Maurice
  9311 | D:8      | Killed Erica
  9312 | D:8      | Reached skill level 12 in Necromancy
  9391 | D:8      | Noticed a two-headed ogre
  9395 | D:8      | Killed a two-headed ogre
  9769 | Lair:1   | Entered Level 1 of the Lair of Beasts
  9771 | Lair:1   | Found a white marble altar of Elyvilon.
  9832 | Lair:1   | Noticed a cane toad
  9837 | Lair:1   | Killed a cane toad
 10057 | Lair:1   | Reached XP level 11. HP: 86/97 MP: 12/21
 10785 | Lair:2   | Reached skill level 13 in Necromancy
 10919 | Lair:2   | Noticed Harold
 10931 | Lair:2   | Killed Harold
 11269 | Lair:2   | Reached skill level 5 in Dodging
 11477 | Lair:2   | Reached skill level 14 in Necromancy
 11590 | Lair:2   | Gained mutation: You are somewhat unskilled. (-1 Apt) [Ru
                  | sacrifice]
 11590 | Lair:2   | Reduced skill Necromancy to level 13
 11590 | Lair:2   | Reached * piety under Ru
 11590 | Lair:2   | Reached ** piety under Ru
 11782 | Lair:2   | Noticed a necromancer
 11792 | Lair:2   | Killed a necromancer
 11968 | Lair:2   | Reached skill level 5 in Dodging
 12382 | Lair:2   | Acquired Great Wizards, Vol. II
 12390 | Lair:2   | Learned a level 5 spell: Borgnjor's Vile Clutch
 12430 | Lair:3   | Noticed Prince Ribbit
 12517 | Lair:2   | Killed Prince Ribbit
 12653 | Lair:3   | Found a staircase to the Snake Pit.
 12667 | Lair:2   | Reached skill level 1 in Earth Magic
 13206 | Lair:3   | Reached XP level 12. HP: 102/106 MP: 9/22
 13302 | Lair:3   | Noticed Sonja
 13310 | Lair:3   | Killed Sonja
 13311 | Lair:3   | Reached skill level 14 in Necromancy
 14010 | Lair:3   | Found a staircase to the Shoals.
 14394 | Lair:4   | Noticed Kirke
 14423 | Lair:4   | Noticed a seven-headed hydra
 14739 | D:9      | Gained mutation: You are slightly weak-willed. (Will-) [Ru
                  | sacrifice]
 14739 | D:9      | Reached *** piety under Ru
 15228 | D:10     | Entered Level 10 of the Dungeon
 15260 | D:10     | Noticed Urug
 15268 | D:10     | Killed Urug
 15341 | D:10     | Found a shadowy altar of Dithmenos.
 15486 | D:10     | Noticed Gastronok
 15488 | D:10     | Noticed a two-headed ogre
 15506 | D:10     | Killed a two-headed ogre
 15507 | D:10     | Reached skill level 15 in Necromancy
 15520 | D:10     | Killed Gastronok
 15690 | D:10     | Noticed Snorg
 15710 | D:10     | Killed Snorg
 15902 | D:11     | Noticed Erolcha
 16060 | Lair:4   | Noticed a seven-headed hydra
 16076 | Lair:4   | Killed a seven-headed hydra
 16077 | Lair:4   | Reached skill level 5 in Earth Magic
 16246 | Lair:4   | Noticed an eight-headed hydra
 16253 | Lair:4   | Killed an eight-headed hydra
 16254 | Lair:4   | Reached XP level 13. HP: 77/115 MP: 15/24
 16559 | Lair:4   | Killed Kirke
 16560 | Lair:4   | Reached skill level 16 in Necromancy
 18492 | Lair:6   | Entered Level 6 of the Lair of Beasts
 18492 | Lair:6   | Found a staircase to the Slime Pits.
 18492 | Lair:6   | Found a viscous altar of Jiyva.
 18503 | Lair:6   | Reached skill level 1 in Evocations
 18566 | Lair:6   | Found a dark tunnel.
 18586 | Volcano  | Entered a volcano
 18615 | Volcano  | Noticed a red draconian
 18628 | Volcano  | Killed a red draconian
 18700 | Volcano  | Reached skill level 1 in Shields
 19023 | Lair:6   | Learned a level 3 spell: Stone Arrow
 19065 | Lair:6   | Gained mutation: You resist negative energy. (rN+) [Deep
                  | Dwarf growth]
 19065 | Lair:6   | Reached XP level 14. HP: 126/126 MP: 14/26
 19423 | Lair:6   | Reached skill level 17 in Necromancy
 20503 | D:11     | Found Cocro's Book Shoppe.
 20503 | D:11     | Found Xemnene's Weapon Boutique.
 20529 | D:11     | Found Kidackai's Jewellery Boutique.
 20537 | D:11     | Bought a ring of see invisible for 150 gold pieces
 20680 | D:11     | Killed Erolcha
 20727 | D:11     | Found Vumuagg's Distillery.
 20764 | D:11     | Bought a potion of curing for 51 gold pieces
 20764 | D:11     | Bought 2 potions of heal wounds for 170 gold pieces
 20764 | D:11     | Bought a potion of might for 68 gold pieces
 20779 | D:11     | Reached skill level 10 in Armour
 20780 | D:11     | Found Dastroach's Armour Emporium.
 20937 | D:12     | Found a staircase to the Orcish Mines.
 21157 | D:11     | HP: 3/127 [large slime creature (18)]
 21668 | D:12     | Noticed Jorgrun
 21684 | D:12     | Killed Jorgrun
 21919 | Orc:1    | Entered Level 1 of the Orcish Mines
 21919 | Orc:1    | Noticed an orc warlord
 22037 | D:12     | Killed an orc warlord
 22856 | Orc:2    | Entered Level 2 of the Orcish Mines
 22856 | Orc:2    | Found a staircase to the Elven Halls.
 23025 | Orc:1    | Reached XP level 15. HP: 102/135 MP: 20/27
 23539 | Orc:2    | Found Mikasufodgh's Book Emporium.
 23539 | Orc:2    | Found Sipto's Weapon Boutique.
 23539 | Orc:2    | Found Selloam's Antique Armour Boutique.
 23539 | Orc:2    | Found Irhige Isel's Weapon Shoppe.
 23567 | Orc:2    | Bought a fine scale mail for 288 gold pieces
 23567 | Orc:2    | Identified the +2 scale mail of Honour {+Blink rPois rC-
                  | Int+6} (You bought it in a shop on level 2 of the Orcish
                  | Mines)
 23704 | Orc:2    | Found a runed translucent door.
 23813 | Orc:2    | Noticed Rupert
 23836 | Orc:2    | Killed Rupert
 24420 | D:13     | Reached skill level 18 in Necromancy
 24701 | D:13     | Identified the +0 trident "Kegoumey" {freeze, +Rage Fly
                  | rCorr}
 24790 | D:13     | Identified the +4 short sword "Hellblazer" {flame, Stlth+}
 25190 | D:13     | Identified the +1 scale mail of a Gauntlet {+Blink rN+++
                  | Str-3 Int-2}
 25332 | D:13     | Identified the +4 rapier "Orb Guardian's Curse" {vorpal,
                  | Will+}
 25335 | D:13     | Noticed an orc warlord
 25367 | D:13     | Killed an orc warlord
 25956 | D:14     | Reached skill level 10 in Earth Magic
 26103 | D:14     | Found a transporter.
 26109 | D:14     | Found a transporter.
 26109 | D:14     | Identified the +1 great mace of Karma {flame, rF+ rC++
                  | Str+2 Dex-5 Stlth-}
 26109 | D:14     | Noticed a fire giant
 26113 | D:14     | Noticed Kilet's ghost (adept GrEE)
 26172 | D:14     | Found a broken altar of Ashenzari.
 26350 | D:14     | Found a gate to the Vaults.
 26385 | D:14     | Reached skill level 1 in Maces & Flails
 26598 | D:15     | Entered Level 15 of the Dungeon
 26609 | D:15     | Reached XP level 16. HP: 145/145 MP: 18/29
 26621 | D:15     | Reached skill level 10 in Dodging
 26703 | D:15     | Gained mutation: You are unskilled. (-2 Apt) [Ru sacrifice]
 26703 | D:15     | Reduced skill Armour to level 10
 26703 | D:15     | Reduced skill Necromancy to level 17
 26703 | D:15     | Reached **** piety under Ru
 26703 | D:15     | Reached ***** piety under Ru
 26719 | D:15     | Found a snail-covered altar of Cheibriados.
 26873 | D:15     | Found a staircase to the Depths.
 26906 | D:15     | Identified the +5 broad axe of Untruth {vamp, Str+4}
 26915 | D:15     | Learned a level 2 spell: Passwall
 26997 | D:15     | Learned a level 4 spell: Petrify
 27182 | D:15     | Reached skill level 1 in Axes
 27287 | D:15     | Found a bloodstained altar of Trog.
 27578 | D:15     | Learned a level 2 spell: Wereblood
 27584 | D:15     | Identified the +0 ring mail of Fallacy {Int+3}
 28045 | Snake:1  | Entered Level 1 of the Snake Pit
 28412 | Snake:1  | Reached skill level 1 in Transmutations
 29774 | Snake:2  | Reached skill level 10 in Earth Magic
 30397 | Snake:2  | Found Syfuvoa's Book Shop.
 30398 | Snake:2  | Found Gozoum's Jewellery Shoppe.
 30439 | Snake:2  | Found Siklomua's Book Shop.
 30447 | Snake:2  | Bought the ring of Balance {rPois rN+ MP+9 SInv} for 814
                  | gold pieces
 30447 | Snake:2  | Bought the amulet of Gegoempu {RegenMP rF+} for 660 gold
                  | pieces
 30921 | Snake:3  | Reached XP level 17. HP: 98/142 MP: 29/30
 31163 | Snake:3  | Learned a level 4 spell: Dispel Undead
 31607 | Elf:1    | Entered Level 1 of the Elven Halls
 31607 | Elf:1    | Found an ancient bone altar of Kikubaaqudgha.
 31782 | Elf:1    | Reached skill level 10 in Dodging
 31790 | Elf:1    | Noticed a Tzitzimitl
 31832 | Elf:1    | Reached skill level 5 in Axes
 31979 | Elf:1    | Found Qipryp's Assorted Antiques.
 32148 | Elf:1    | Paralysed by an air elemental for 1 turns
 32152 | Elf:1    | Paralysed by an air elemental for 1 turns
 32608 | Elf:2    | Found a radiant altar of Vehumet.
 32608 | Elf:2    | Found Caunuul's General Store.
 32868 | Elf:2    | Found Weliot's Distillery.
 33201 | Elf:2    | Found Vawecvir's Jewellery Shoppe.
 33312 | Elf:2    | Found a runed translucent gate.
 33313 | Elf:2    | Found a runed translucent gate.
 33313 | Elf:2    | Found a runed translucent gate.
 33641 | Shoals:1 | Entered Level 1 of the Shoals
 33731 | Shoals:1 | Reached skill level 18 in Necromancy
 34412 | D:11     | Bought the +6 chain mail of Apakim Hije {rElec rC+ Int+2}
                  | for 716 gold pieces
 35253 | Shoals:2 | Found a frozen archway.
 35289 | IceCv    | Entered an ice cave
 35296 | IceCv    | Found a transporter.
 35309 | IceCv    | Gained mutation: You passively map a large area around you.
                  | [Deep Dwarf growth]
 35309 | IceCv    | Reached XP level 18. HP: 20/144 MP: 3/31
 35353 | IceCv    | Found a transporter.
 36202 | Shoals:3 | Noticed Ilsuiw
 36209 | Shoals:3 | Reached skill level 10 in Fighting
 36377 | Snake:4  | Entered Level 4 of the Snake Pit
 36468 | Snake:4  | Acquired the ring of Icsoig {rF+ rC+ Will+}
 37608 | Snake:4  | Got a serpentine rune of Zot
 38317 | Elf:2    | Bought a potion of curing for 51 gold pieces
 38317 | Elf:2    | Bought a potion of heal wounds for 85 gold pieces
 38317 | Elf:2    | Bought a potion of curing for 51 gold pieces
 38380 | Elf:3    | Entered Level 3 of the Elven Halls
 38522 | Elf:3    | Found a runed translucent gate.
 38522 | Elf:3    | Found a runed translucent gate.
 38600 | Elf:3    | Paralysed by an air elemental for 1 turns
 38747 | Elf:3    | Found a portal to a secret trove of treasure.
 38877 | Elf:3    | Reached XP level 19. HP: 127/144 MP: 32/32
 39154 | Elf:3    | Reached skill level 10 in Spellcasting
 39154 | Elf:3    | Reached skill level 5 in Transmutations
 39360 | Elf:3    | Found a runed translucent gate.
 39361 | Elf:3    | Found an opulent altar of Gozag.
 39361 | Elf:3    | Noticed iamserjio's ghost (adept OpNe)
 39363 | Elf:3    | Found Qonlaqu's Assorted Antiques.
 39376 | Elf:3    | Learned a level 6 spell: Death Channel
 39678 | Elf:3    | Killed iamserjio's ghost
 39836 | Elf:3    | Identified the amulet "Fotiates" {Reflect Int+2 SH+5}
 39851 | Elf:3    | Noticed a Brimstone Fiend
 40049 | Elf:3    | Identified the +4 long sword of Hema {vorpal, Will+ Str+3
                  | Int+4}
 40133 | Elf:3    | Identified the +0 leather armour "Fut Nuoc" {rF- Str+5}
 40185 | Elf:3    | Identified the +8 great sword "Ogre's Nightmare" {vorpal,
                  | Str+3}
 40185 | Elf:3    | Identified the ring "Dulolo" {rElec rPois AC+4}
 40196 | Elf:3    | Identified the ring of Greater Demons {Str+3 SInv}
 40199 | Elf:3    | Identified the ring of the Lily {rElec Str+3 Dex+6}
 40344 | Elf:3    | Bought a runed tower shield for 202 gold pieces
 40426 | Elf:1    | Bought a scroll of blinking for 262 gold pieces
 40426 | Elf:1    | Bought a masterwork long sword for 297 gold pieces
 40426 | Elf:1    | Identified the +8 long sword of the Reaper {elec, Int+2}
                  | (You bought it in a shop on level 1 of the Elven Halls)
 40701 | Shoals:3 | Killed Ilsuiw
 41096 | Shoals:4 | Entered Level 4 of the Shoals
 41105 | Shoals:4 | Identified the ring "Hecsaf" {rPois Int+6}
 41106 | Shoals:4 | Paralysed by an air elemental for 1 turns
 41510 | Shoals:4 | Paralysed by an air elemental for 1 turns
 41514 | Shoals:4 | Paralysed by an air elemental for 1 turns
 41517 | Shoals:4 | Reached skill level 19 in Necromancy
 41721 | Shoals:4 | Identified the +7 hand axe of Citot {vorpal, rPois rC-
                  | Str+2 Int+3}
 41721 | Shoals:4 | Identified the +10 hunting sling "Cigh" {speed, rPois rC+
                  | MP-9 Dex+4}
 41734 | Shoals:4 | Got a barnacled rune of Zot
 41775 | Shoals:4 | Paralysed by an air elemental for 1 turns
 41791 | Shoals:4 | Paralysed by an air elemental for 1 turns
 41795 | Shoals:4 | Paralysed by an air elemental for 1 turns
 41912 | Shoals:4 | Paralysed by an air elemental for 1 turns
 41923 | Shoals:4 | Paralysed by an air elemental for 1 turns
 42014 | Shoals:4 | Reached XP level 20. HP: 144/169 MP: 12/34
 42188 | Shoals:4 | Found a sparkling altar of Nemelex Xobeh.
 42311 | Shoals:4 | Paralysed by an air elemental for 1 turns
 42344 | Shoals:4 | Reached skill level 10 in Axes
 42830 | Vaults:1 | Entered Level 1 of the Vaults
 43044 | Vaults:1 | Noticed Nikola
 43059 | Vaults:1 | Killed Nikola
 44547 | Vaults:2 | Found Cosurgh's Antique Weapon Boutique.
 45123 | Vaults:2 | Reached XP level 21. HP: 184/185 MP: 35/35
 45132 | Vaults:2 | Found Raafyew's General Store.
 45786 | Vaults:2 | Identified the ring "Efuiz" {rF+ Str+6}
 46049 | Vaults:3 | Noticed Sojobo
 46063 | Vaults:3 | Killed Sojobo
 46082 | Vaults:3 | Found Hofasous's Weapon Boutique.
 46250 | Vaults:3 | Found a flickering gateway to a bazaar.
 46256 | Bazaar   | Entered a bazaar
 46268 | Bazaar   | Found Utsaeqoump's Antique Armour Emporium.
 46269 | Bazaar   | Found Fecrarui's Assorted Antiques.
 46286 | Bazaar   | Found Quopew's Weapon Shoppe.
 46286 | Bazaar   | Found Jiaset's Assorted Antiques.
 46336 | Bazaar   | Bought a translucent scale mail for 261 gold pieces
 46336 | Bazaar   | Identified the +1 scale mail of Fedhas's Castigation
                  | {Slay+6} (You bought it in a shop in a bazaar)
 46359 | Bazaar   | Bought a potion of curing for 63 gold pieces
 46424 | Vaults:3 | Reached skill level 20 in Necromancy
 46469 | Vaults:3 | Found a staircase to the Crypt.
 47119 | Vaults:3 | Found a transporter.
 47432 | Vaults:3 | Found a bloodstained altar of Trog.
 47433 | Vaults:3 | Found the +8 Wrath of Trog {antimagic, *Rage Rampage}
 47542 | Vaults:3 | Found a transporter.
 47542 | Vaults:3 | Found a runed translucent door.
 47674 | Vaults:3 | Identified the +12 plate armour of the Quahog {Will+ rCorr
                  | Dex+4}
 47978 | Vaults:4 | Learned a level 4 spell: Animate Armour
 49021 | Vaults:4 | Reached skill level 5 in Shields
 49514 | Vaults:2 | Bought a masterwork flail for 348 gold pieces
 49514 | Vaults:2 | Identified the +5 flail of Xojub {venom, rPois Str+8 Int-2
                  | Stlth+} (You bought it in a shop on level 2 of the Vaults)
 49845 | Snake:2  | Bought an Inescapable Atlas for 510 gold pieces
 49850 | Snake:2  | Learned a level 2 spell: Blink
 50130 | Depths:1 | Entered Level 1 of the Depths
 50139 | Depths:1 | Reached XP level 22. HP: 198/198 MP: 21/37
 50330 | Depths:1 | Reached skill level 1 in Translocations
 50392 | Depths:1 | Found a gateway to Hell.
 51536 | Depths:2 | Found a one-way gate leading to the halls of Pandemonium.
 51723 | Depths:2 | Found a gateway to a ziggurat.
 51909 | Depths:2 | Found a corrupted altar of Lugonu.
 51909 | Depths:2 | Found a one-way gate to the infinite horrors of the Abyss.
 52474 | Depths:3 | Gained mutation: Your magical capacity is low. (-10% MP) [a
                  | cacodemon]
 52729 | Depths:3 | Noticed Mennas
 52748 | Depths:3 | Killed Mennas
 52810 | Depths:3 | Found a magical portal.
 52827 | WizLab   | Entered Cigotuvi's Fleshworks
 53209 | WizLab   | Paralysed by a floating eye for 4 turns
 53271 | WizLab   | Paralysed by a floating eye for 2 turns
 53339 | WizLab   | Identified the ring "Qokelog" {Ice rPois}
 53403 | WizLab   | Got Cigotuvi's Guide on Transmigration
 54093 | Depths:3 | Reached skill level 5 in Translocations
 54145 | Depths:3 | Noticed a royal mummy
 54157 | Depths:3 | Killed a royal mummy
 54158 | Depths:3 | Reached XP level 23. HP: 105/186 MP: 27/34
 54164 | Depths:3 | Identified the +10 halberd of the Disturbing Lovers {holy,
                  | +Blink rF+}
 54654 | Depths:4 | Noticed a caustic shrike
 54663 | Depths:4 | Killed a caustic shrike
 54814 | Depths:4 | You fall into a shaft and drop 1 floor!
 54814 | Depths:5 | Entered Level 5 of the Depths
 54841 | Depths:5 | Noticed Boris
 54864 | Depths:5 | Killed Boris
 55091 | Depths:5 | Paralysed by an air elemental for 1 turns
 55105 | Depths:5 | Paralysed by an air elemental for 1 turns
 55110 | Depths:5 | Paralysed by an air elemental for 1 turns
 55775 | Depths:4 | Paralysed by an air elemental for 1 turns
 55779 | Depths:4 | Paralysed by an air elemental for 1 turns
 56016 | Depths:4 | Identified the ring of Idealism {Str+9 Int-3 Slay+2 SInv}
 56083 | Depths:4 | Reached skill level 21 in Necromancy
 56151 | Depths:4 | Got Sif Muna's Reference Book on Earthen Moulding
 56261 | Depths:4 | Identified the ring "Raschuvo" {Fly rPois Int+2}
 56367 | Depths:4 | Learned a level 1 spell: Apportation
 56402 | Depths:4 | Identified the +3 scale mail of the Bulwark {Rampage}
 56992 | Depths:5 | Found a gate to the Realm of Zot.
 57243 | Depths:5 | Noticed a caustic shrike
 57243 | Depths:5 | Noticed a caustic shrike
 57244 | Depths:5 | Noticed a caustic shrike
 57244 | Depths:5 | Noticed a caustic shrike
 57252 | Depths:5 | Killed a caustic shrike
 57252 | Depths:5 | Killed a caustic shrike
 57253 | Depths:5 | Killed a caustic shrike
 57253 | Depths:5 | Killed a caustic shrike
 57577 | Depths:5 | Reached XP level 24. HP: 141/213 MP: 7/34
 57601 | Depths:5 | Identified the +3 scale mail of Ydunaepp {Int+4}
 57604 | Depths:5 | Got the Almanac of the Creative Snowflakes
 58479 | Vaults:5 | Entered Level 5 of the Vaults
 58479 | Vaults:5 | Noticed Boris
 58481 | Vaults:5 | Killed Boris
 58482 | Vaults:5 | Reached skill level 10 in Shields
 58495 | Vaults:5 | Noticed an ancient lich
 58507 | Vaults:5 | Killed an ancient lich
 58725 | Vaults:5 | Identified the +4 quarterstaff of Resourcefulness {drain,
                  | +Blink Will- rCorr Stlth+}
 58760 | Vaults:5 | Got a silver rune of Zot
 58882 | Vaults:5 | Identified the +5 chain mail "Teety" {rElec Regen+ Str+3}
 58883 | Vaults:5 | Identified the -4 cloak of Foumnieh {+Inv MP+9 Slay+3}
 59055 | Vaults:5 | Got Ileif's Papyrus of Hadjma
 59063 | Vaults:5 | Identified the +10 hand crossbow of Maexehom {penet,
                  | Fragile rN++ Str+3 Dex+3}
 59101 | Vaults:5 | Identified the +5 chain mail of Oshaf {rN+}
 59207 | Vaults:5 | Reached XP level 25. HP: 223/223 MP: 34/35
 59341 | Vaults:5 | Noticed Bai Suzhen
 59383 | Vaults:5 | Killed Bai Suzhen
 59984 | Crypt:1  | Entered Level 1 of the Crypt
 60010 | Crypt:1  | Noticed Boris
 60026 | Crypt:1  | Killed Boris
 60403 | Crypt:1  | Reached skill level 22 in Necromancy
 60409 | Crypt:1  | Reached skill level 15 in Armour
 60775 | Crypt:2  | Reached skill level 10 in Transmutations
 61073 | Crypt:2  | Noticed Donald
 61089 | Crypt:2  | Killed Donald
 61294 | Crypt:2  | Noticed a royal mummy
 61295 | Crypt:2  | Noticed Khufu
 61307 | Crypt:2  | Killed a royal mummy
 61307 | Crypt:2  | Noticed a royal mummy
 61712 | Depths:2 | Voluntarily entered the Abyss.
 61747 | Abyss:1  | Gained mutation: You sometimes lose the ability to read
                  | scrolls when taking damage. [a neqoxec]
 61768 | Abyss:1  | Lost mutation: Your magical capacity is low. (-10% MP)
                  | [potion of mutation]
 61768 | Abyss:1  | Gained mutation: You evolve. [potion of mutation]
 61768 | Abyss:1  | Gained mutation: Your magical capacity is low. (-10% MP)
                  | [potion of mutation]
 61768 | Abyss:1  | Lost mutation: Your magical capacity is low. (-10% MP)
                  | [potion of mutation]
 61769 | Abyss:1  | Lost mutation: You sometimes lose the ability to read
                  | scrolls when taking damage. [potion of mutation]
 61769 | Abyss:1  | Lost mutation: You evolve. [potion of mutation]
 61769 | Abyss:1  | Gained mutation: You expend magic power (3 MP) to
                  | strengthen your wands. [potion of mutation]
 61844 | Abyss:1  | Gained mutation: You sometimes lose the ability to read
                  | scrolls when taking damage. [a neqoxec]
 62297 | Abyss:1  | Lost mutation: You expend magic power (3 MP) to strengthen
                  | your wands. [potion of mutation]
 62297 | Abyss:1  | Lost mutation: You sometimes lose the ability to read
                  | scrolls when taking damage. [potion of mutation]
 62297 | Abyss:1  | Gained mutation: You have a beak for a mouth. [potion of
                  | mutation]
 62297 | Abyss:1  | Gained mutation: Your body sometimes deteriorates upon
                  | taking damage. [potion of mutation]
 62298 | Abyss:1  | Lost mutation: Your body sometimes deteriorates upon taking
                  | damage. [potion of mutation]
 62298 | Abyss:1  | Lost mutation: You have a beak for a mouth. [potion of
                  | mutation]
 62298 | Abyss:1  | Gained mutation: Your spells are a little harder to cast,
                  | but a little more powerful. [potion of mutation]
 62298 | Abyss:1  | Gained mutation: You are weak. (Str -2) [potion of
                  | mutation]
 63005 | Abyss:4  | Identified the +8 shortbow of Ceqil {vorpal, *Corrode rF++
                  | Dex+9}
 63247 | Abyss:4  | Reached XP level 26. HP: 169/222 MP: 39/39
 63358 | Abyss:4  | Paralysed by accursed screaming for 1 turns
 63362 | Abyss:4  | Paralysed by accursed screaming for 1 turns
 63370 | Abyss:4  | Paralysed by accursed screaming for 1 turns
 63435 | Abyss:4  | Got an abyssal rune of Zot
 63443 | Depths:2 | Escaped the Abyss
 63561 | Zot:1    | Entered Level 1 of the Realm of Zot
 63701 | Zot:1    | Identified the +2 trident "Omeu" {drain, rElec rF- Dex+3}
 63902 | Zot:1    | Reached skill level 15 in Dodging
 64602 | Elf:3    | You paid a toll of +3 gold dragon scales to enter a
                  | treasure trove
 64603 | Trove    | Entered a treasure trove
 64613 | Trove    | Identified the ring "Meiteacan" {Contam rPois rF- Int+6
                  | SInv}
 64616 | Trove    | Identified the +1 pair of boots of Purpose {Fly Int+2}
 64639 | Trove    | Identified the ring "Doodghyqiump" {rF+ rCorr MP+9 Str-4
                  | Slay+3}
 64891 | D:14     | Killed Kilet's ghost
 65107 | D:15     | Found a gateway to a bazaar.
 65120 | Bazaar   | Entered a bazaar
 65138 | Bazaar   | Found Sosiewif's Jewellery Shoppe.
 65160 | Bazaar   | Found Aheorph's Magic Scroll Shoppe.
 65177 | Bazaar   | Found Bamyn's Distillery.
 65177 | Bazaar   | Found Puenn's Antique Armour Shoppe.
 65187 | Bazaar   | Bought a potion of heal wounds for 60 gold pieces
 65198 | Bazaar   | Found Ynairow's Antique Weapon Emporium.
 65241 | Bazaar   | Bought a potion of curing for 36 gold pieces
 65241 | Bazaar   | Bought 2 potions of curing for 72 gold pieces
 65241 | Bazaar   | Bought 2 potions of haste for 240 gold pieces
 65241 | Bazaar   | Bought a potion of ambrosia for 96 gold pieces
 65241 | Bazaar   | Bought a potion of mutation for 96 gold pieces
 65241 | Bazaar   | Bought a potion of curing for 36 gold pieces
 65246 | Bazaar   | Lost mutation: You are weak. (Str -2) [potion of mutation]
 65246 | Bazaar   | Lost mutation: Your spells are a little harder to cast, but
                  | a little more powerful. [potion of mutation]
 65246 | Bazaar   | Gained mutation: Your flesh is cold resistant. (rC+)
                  | [potion of mutation]
 65246 | Bazaar   | Gained mutation: Your spells are a little easier to cast,
                  | but a little less powerful. [potion of mutation]
 65246 | Bazaar   | Gained mutation: You are somewhat resistant to further
                  | mutation. [potion of mutation]
 65855 | Hell     | Entered the Vestibule of Hell
 65855 | Hell     | Noticed Murray
 65855 | Hell     | Noticed Geryon
 65871 | Hell     | Killed Murray
 65882 | Hell     | Killed Geryon
 66164 | Depths:4 | Identified the +2 plate armour "Ajastem" {rF+ Regen+ Str+3
                  | Stlth+}
 67452 | Slime:1  | Entered Level 1 of the Pits of Slime
 67843 | Slime:5  | Entered Level 5 of the Pits of Slime
 68214 | Slime:5  | Reached XP level 27. HP: 237/239 MP: 40/40
 68298 | Slime:5  | Reached skill level 23 in Necromancy
 68557 | Slime:5  | Noticed the Royal Jelly
 68668 | Slime:5  | Found a viscous altar of Jiyva.
 68688 | Slime:5  | Found the +5 robe of Night {Dark Will+ SInv}
 69011 | Slime:5  | Killed the Royal Jelly
 69211 | Slime:5  | Identified the ring of Koimnaploth {rPois rN+ Slay+2}
 69250 | Slime:5  | Identified the +1 buckler "Ecenad" {Rampage}
 69258 | Slime:5  | Got a slimy rune of Zot
 69273 | Slime:5  | Identified the amulet of the Echidna {Reflect rF+ SH+5}
 69284 | Slime:5  | Identified the +7 arbalest of Jeujaf {elec, rPois rN++
                  | Str+3 Int-3}
 69352 | Slime:5  | Identified the +1 hand axe "Wetziut" {vamp, Str+4}
 69954 | Crypt:2  | Killed Khufu
 69960 | Crypt:2  | Killed a royal mummy
 70257 | Crypt:2  | Noticed Xtahua
 70417 | Crypt:2  | Killed Xtahua
 70457 | Crypt:2  | Found a large runed translucent door.
 70458 | Crypt:2  | Found a large runed translucent door.
 70462 | Crypt:2  | Noticed Waammiq's ghost (veteran GrEE)
 70472 | Crypt:2  | Killed Waammiq's ghost
 70477 | Crypt:2  | Got the Tome of the Rocks and Intoxication
 70573 | Crypt:3  | Entered Level 3 of the Crypt
 70599 | Crypt:3  | Found a staircase to the Tomb.
 70752 | Crypt:3  | Identified the ring "Mapu" {Contam rC++ rN+ Will+}
 70752 | Crypt:3  | Identified the ring "Hukihus" {rC+ rN+ Will- Slay+3}
 70768 | Crypt:3  | Acquired Aroridwy's Catalogue of Dark Transmigration
 72576 | Crypt:3  | Reached skill level 15 in Fighting
 72903 | Crypt:3  | Noticed Jory
 72913 | Crypt:3  | Killed Jory
 72918 | Crypt:3  | Identified the amulet "Daxti" {RegenMP Fly rC+ Will+}
 72927 | Crypt:3  | Identified the +1 scale mail of Unambiguity {Stlth+}
 73204 | Vaults:5 | Learned a level 8 spell: Necromutation
 74053 | Depths:2 | Found a runed door.
 74230 | Depths:2 | Noticed a dread lich
 74239 | Depths:2 | Killed a dread lich
 74240 | Depths:2 | Reached skill level 24 in Necromancy
 74263 | Depths:2 | Acquired a book of Death
 74277 | Depths:2 | Identified the +1 robe of the Game of Life {rF+ MP-9 Dex+5}
 74281 | Depths:2 | Identified the -6 helmet of Unreason {+Blink rF+}
 74397 | Pan      | Entered Pandemonium
 74573 | Pan      | Reached skill level 1 in Summonings
 74996 | Pan      | Found a glowing silver altar of Zin.
 75000 | Pan      | Identified the +11 tower shield of Lugonu's Hope {Rampage
                  | +Inv Will++ Dex-5}
 75160 | Depths:2 | Escaped Pandemonium
 75559 | Zot:1    | Learned a level 8 spell: Infestation
 76197 | Hell     | Found a gateway to the freezing wastes of Cocytus.
 76258 | Hell     | Found a gateway to the decaying netherworld of Tartarus.
 76397 | Hell     | Found a gateway to the Iron City of Dis.
 76484 | Hell     | Found a gateway to the ashen valley of Gehenna.
 76573 | Pan      | Entered Pandemonium
 76573 | Pan      | Noticed Miumoc the pandemonium lord
 77102 | Pan      | Gained mutation: You sometimes lose the ability to read
                  | scrolls when taking damage. [a neqoxec]
 77166 | Pan      | Lost mutation: Your spells are a little easier to cast, but
                  | a little less powerful. [potion of mutation]
 77166 | Pan      | Lost mutation: You sometimes lose the ability to read
                  | scrolls when taking damage. [potion of mutation]
 77166 | Pan      | Gained mutation: Your flesh is heat resistant. (rF+)
                  | [potion of mutation]
 78520 | Pan      | Reached skill level 15 in Shields
 78695 | Pan      | HP: 3/216 [hellion/damnation (32)]
 78881 | Pan      | Noticed Foutug the pandemonium lord
 78886 | Pan      | Killed Foutug the pandemonium lord
 78888 | Pan      | Reached skill level 25 in Necromancy
 78893 | Depths:4 | Escaped Pandemonium
 79049 | Zot:2    | Identified the +2 quarterstaff "Pyoreugg" {spect, Will+
                  | Str+3}
 79219 | Zot:2    | Learned a level 7 spell: Haunt
 79963 | Zot:2    | Gained mutation: You are frail. (-10% HP) [Ru sacrifice]
 79963 | Zot:2    | Reached ****** piety under Ru
 80879 | Zot:4    | Reached skill level 15 in Spellcasting
 81490 | Zot:4    | Reached skill level 26 in Necromancy
 83079 | Elf:2    | Bought the ring of Quitoruemn {rF- rC+ Will+++ rCorr Int+2}
                  | for 736 gold pieces
 83765 | Coc:1    | Entered Level 1 of Cocytus
 84580 | Coc:7    | Entered Level 7 of Cocytus
 84819 | Coc:7    | Noticed the Serpent of Hell
 84870 | Coc:7    | Killed the Serpent of Hell
 84871 | Coc:7    | Reached skill level 15 in Transmutations
 85129 | Coc:7    | Identified the +5 broad axe of Valiance {flame, Str+6}
 85248 | Coc:7    | Identified the +1 scythe "Lajitoda" {vorpal, Dex+2}
 85248 | Coc:7    | Noticed Antaeus
 85283 | Coc:7    | Killed Antaeus
 85306 | Coc:7    | Got an icy rune of Zot
 85313 | Coc:7    | Identified the +4 plate armour of a Hundred Xalams {Str+3
                  | Int+3}
 85315 | Coc:7    | Identified the amulet "Lex Temp" {Reflect rElec SH+5}
 85656 | Dis:1    | Entered Level 1 of the Iron City of Dis
 87437 | Dis:7    | Entered Level 7 of the Iron City of Dis
 87618 | Dis:7    | Reached skill level 27 in Necromancy
 88129 | Dis:7    | Found the +4 staff of Dispater
 88129 | Dis:7    | Noticed Dispater
 88147 | Dis:7    | Killed Dispater
 88168 | Dis:7    | Got an iron rune of Zot
 88197 | Dis:7    | Identified the amulet "Boqat" {rF++ rC++ Regen+ Str+2}
 88376 | Dis:7    | Identified the ring "Ritarux" {Drain rElec rF+ Dex+4
                  | Slay-2}
 88386 | Dis:7    | Identified the +3 ring mail of Poor Excuses {rN+ Stlth+}
 88519 | Dis:7    | Identified the ring of Sarayqa {Fire Will+ Str+4}
 88731 | Tar:1    | Entered Level 1 of Tartarus
 90252 | Tar:7    | Entered Level 7 of Tartarus
 90545 | Tar:7    | Noticed Ereshkigal
 90565 | Tar:7    | Killed Ereshkigal
 90589 | Tar:7    | Identified the +2 leather armour of the Onion {rF+}
 90609 | Tar:7    | Got a bone rune of Zot
 91008 | Tar:7    | Identified the +1 leather armour of Uckebugu {rPois Dex+5}
 91484 | Geh:1    | Entered Level 1 of Gehenna
 92027 | Geh:4    | Reached skill level 5 in Summonings
 92267 | Geh:6    | Found a huge runed gate.
 92267 | Geh:6    | Found a huge runed gate.
 92267 | Geh:6    | Found a huge runed gate.
 92267 | Geh:6    | Found a huge runed gate.
 92267 | Geh:6    | Found a huge runed gate.
 92267 | Geh:6    | Found a huge runed gate.
 92267 | Geh:6    | Found a huge runed gate.
 92270 | Geh:6    | Found a huge runed gate.
 92271 | Geh:6    | Found a huge runed gate.
 92271 | Geh:6    | Found a huge runed gate.
 92358 | Geh:7    | Entered Level 7 of Gehenna
 92995 | Geh:7    | Identified the +2 robe of Filth {Dex+7}
 93135 | Depths:4 | Voluntarily entered the Abyss.
 93378 | Abyss:1  | Learned a level 9 spell: Death's Door
 93457 | Depths:4 | Escaped the Abyss
 94013 | Geh:7    | Found the +7 sceptre of Asmodeus
 94013 | Geh:7    | Noticed Asmodeus
 94038 | Geh:7    | Killed Asmodeus
 94052 | Geh:7    | Got an obsidian rune of Zot
 94331 | Pan      | Entered Pandemonium
 94356 | Pan      | Noticed Viwefos the pandemonium lord
 94369 | Pan      | Killed Viwefos the pandemonium lord
 94519 | Pan      | Noticed Tiom the pandemonium lord
 94539 | Pan      | Killed Tiom the pandemonium lord
 94563 | Pan      | Got a demonic rune of Zot
 94568 | Pan      | Entered the realm of Mnoleg.
 94584 | Pan      | Identified the +0 robe "Gucozays" {Rampage Will+}
 94714 | Pan      | Noticed Mnoleg
 94717 | Pan      | Paralysed by a floating eye for 3 turns
 94726 | Pan      | Killed Mnoleg
 94750 | Pan      | Got a glowing rune of Zot
 94927 | Pan      | Entered the realm of Gloorx Vloq.
 95148 | Pan      | Found an exit through the horrors of the Abyss.
 95339 | Pan      | Noticed Gloorx Vloq
 95383 | Pan      | Killed Gloorx Vloq
 95403 | Pan      | Got a dark rune of Zot
 95610 | Pan      | Entered the realm of Cerebov.
 95797 | Pan      | Found the +6 sword of Cerebov {flame}
 95797 | Pan      | Noticed Cerebov
 95845 | Pan      | Killed Cerebov
 95877 | Pan      | Identified the amulet "Wiat" {Reflect Int+4 SH+5 SInv}
 95880 | Pan      | Identified the ring of Tetale {rN+ Dex+5}
 95888 | Pan      | Identified the +1 ring mail "Jadaosh" {rElec SInv}
 95960 | Pan      | Identified the +5 ring mail "Zeir" {Dex+6}
 95964 | Pan      | Identified the +9 mace "Orb Guardian's Curse" {elec,
                  | Fragile Fly rC+ Dex+2}
 95965 | Pan      | Identified the ring of Tiadeutt {Fire Str+5 Dex+2 Stlth-}
 96020 | Pan      | Got Ybaleg's Compendium of Contamination
 96126 | Pan      | Got a fiery rune of Zot
 96345 | Pan      | Entered the realm of Lom Lobon.
 96396 | Pan      | Found an exit through the horrors of the Abyss.
 96536 | Pan      | Noticed Lom Lobon
 96557 | Pan      | Killed Lom Lobon
 96611 | Pan      | Got a magical rune of Zot
 96766 | Pan      | Took an exit into the Abyss.
 96766 | Abyss:1  | Escaped into the Abyss
 97043 | Depths:4 | Escaped the Abyss
 97886 | Tomb:1   | Entered Level 1 of the Tomb of the Ancients
 98252 | Tomb:1   | Noticed a royal mummy
 98256 | Tomb:1   | Killed a royal mummy
 98487 | Tomb:2   | Noticed a royal mummy
 98516 | Tomb:2   | Identified the +0 ring mail of the Teacher {Fly rElec rC+}
 98709 | Tomb:2   | Noticed a royal mummy
 98710 | Tomb:2   | Noticed a royal mummy
 98721 | Tomb:2   | Noticed a royal mummy
 98722 | Tomb:2   | Killed a royal mummy
 98723 | Tomb:2   | Killed a royal mummy
 98726 | Tomb:2   | Killed a royal mummy
 98729 | Tomb:2   | Killed a royal mummy
 98993 | Tomb:1   | Noticed a royal mummy
 99003 | Tomb:1   | Killed a royal mummy
 99007 | Tomb:1   | Noticed a royal mummy
 99017 | Tomb:1   | Noticed a royal mummy
 99021 | Tomb:1   | Noticed a royal mummy
 99025 | Tomb:1   | Killed a royal mummy
 99028 | Tomb:1   | Killed a royal mummy
 99036 | Tomb:1   | Killed a royal mummy
 99062 | Tomb:1   | Noticed a royal mummy
 99065 | Tomb:1   | Noticed a royal mummy
 99074 | Tomb:1   | Killed a royal mummy
 99078 | Tomb:1   | Killed a royal mummy
 99105 | Tomb:1   | Noticed a royal mummy
 99119 | Tomb:1   | Noticed a royal mummy
 99120 | Tomb:1   | Killed a royal mummy
 99130 | Tomb:1   | Killed a royal mummy
 99137 | Tomb:1   | Noticed a royal mummy
 99146 | Tomb:1   | Killed a royal mummy
 99219 | Tomb:1   | Noticed a royal mummy
 99234 | Tomb:1   | Killed a royal mummy
 99254 | Tomb:1   | Noticed a royal mummy
 99255 | Tomb:1   | Noticed a royal mummy
 99270 | Tomb:1   | Killed a royal mummy
 99272 | Tomb:1   | Killed a royal mummy
 99290 | Tomb:1   | Noticed a royal mummy
 99300 | Tomb:1   | Killed a royal mummy
 99324 | Tomb:1   | Noticed a royal mummy
 99329 | Tomb:1   | Noticed a royal mummy
 99332 | Tomb:1   | Noticed a royal mummy
 99339 | Tomb:1   | Killed a royal mummy
 99345 | Tomb:1   | Killed a royal mummy
 99352 | Tomb:1   | Noticed a royal mummy
 99362 | Tomb:1   | Killed a royal mummy
 99362 | Tomb:1   | Noticed a royal mummy
 99372 | Tomb:1   | Killed a royal mummy
 99391 | Tomb:1   | Noticed a royal mummy
 99403 | Tomb:1   | Killed a royal mummy
 99403 | Tomb:1   | Noticed a royal mummy
 99413 | Tomb:1   | Killed a royal mummy
 99467 | Tomb:3   | Entered Level 3 of the Tomb of the Ancients
 99497 | Tomb:3   | Noticed a royal mummy
 99500 | Tomb:3   | Noticed a royal mummy
 99506 | Tomb:3   | Noticed a royal mummy
 99508 | Tomb:3   | Noticed a royal mummy
 99511 | Tomb:3   | Killed a royal mummy
 99526 | Tomb:3   | Noticed a royal mummy
 99527 | Tomb:3   | Noticed a royal mummy
 99527 | Tomb:3   | Noticed a royal mummy
 99527 | Tomb:3   | Noticed a royal mummy
 99531 | Tomb:3   | HP: 9/219 [bennu (8)]
 99532 | Tomb:3   | Mangled by a bennu

Illustrated notes

Levels and vault maps discovered:
D:1:      elethiomel_arrival_shortcut, layout_loops_corners
D:2:      layout_basic, dreamdust_ecumenical_altar_hidden_monk_grotto
D:3:      layout_basic, serial_shops, shop_fountains
D:4:      layout_basic, st_stairs_10
D:5:      layout_loops_cross, minmay_temple_entry_mist, serial_shops, shop,
          kennysheep_boxes, uniq_menkaure
D:6:      layout_rooms, serial_co_window_serial, co_window_paths_a,
          co_window_paths_b, co_window_corner_a, co_window_corner_a,
          co_window_paths_a, co_window_corner_a, co_window_paths_b,
          co_window_2corner, co_window_2corner, co_window_broadway_b,
          glass_columns_c, minmay_ruffians, uniq_maggie, uniq_eustachio
D:7:      layout_loops_ring, chequers_mini_garden
D:8:      layout_loops_corners, david_lair_shrubbed, enter_bailey_2,
          minmay_manual_maat, uniq_erica, uniq_maurice
D:9:      layout_loops_ring, grunt_decor_arrowhead
D:10:     layout_roguey, nicolae_dithmenos_the_darkroom, uniq_snorg,
          uniq_gastronok, uniq_urug
D:11:     layout_cross, serial_shops, shop, nicolae_shop_trees,
          nicolae_diamond_shop, shop, shop, uniq_erolcha
D:12:     layout_loops_ring, orc_0_dummy, kennysheep_just_a_vault, uniq_jorgrun
D:13:     layout_basic, minmay_the_grid_2x2 [minmay_the_grid_tiny_cups,
          minmay_the_grid_armoury, minmay_the_grid_garden,
          minmay_the_grid_prize_diamond_cup]
D:14:     layout_long_grid, erik_vaults_1, nicolae_ashenzari_skybound,
          gammafunk_ghost_smash
D:15:     hangedman_depths_entry_civil_slaughter, layout_basic,
          small_statue_alley_a, serial_shops, statue_bzr,
          hangedman_feature_mirror, st_stairs_2
Temple:   dpeg_three_leaves_temple
Lair:1:   layout_roguey, basic_altar
Lair:2:   layout_roguey, eino_house_with_fridge, uniq_harold
Lair:3:   layout_concentric_octagons, elwin_shoals_entry_rooms,
          guppyfry_snake_entry_island, gauntlet_entry_generic,
          uniq_prince_ribbit2, uniq_sonja
Lair:4:   layout_cave_pods, serial_bayou_pond_a, uniq_kirke
Lair:5:   layout_long_grid
Lair:6:   evilmike_catoblepas_cave, layout_gridlike, slime_altar_1,
          nicolae_volcano_entry_batcave, infiniplex_staircase_pool
Shoals:1: layout_shoals
Shoals:2: layout_shoals, portal_ice_cave_entry_ugly_swarm
Shoals:3: layout_shoals, uniq_ilsuiw
Shoals:4: shoals_end_hellmonk_storm_palace [storm_palace_center_square,
          storm_palace_corner_grid, storm_palace_corner_altar,
          storm_palace_corner_grid, storm_palace_corner_grid]
Snake:1:  cheibrodos_forgotten_conduit, layout_chambers
Snake:2:  layout_onion, serial_bayou_shore_b, minmay_shop_grove,
          grunt_megastairs_2
Snake:3:  layout_rooms, grunt_ministairs_5, grunt_megastairs_5
Snake:4:  hellmonk_snake_rune_quicksilver_temple, layout_grid_shapes,
          serial_bayou_shore_b, grunt_megastairs_3, lemuel_fruit_tree
Slime:1:  layout_caves, basic_altar
Slime:2:  layout_caves
Slime:3:  layout_caves
Slime:4:  layout_caves
Slime:5
Orc:1:    layout_caves
Orc:2:    st_orc_ogre_mass, layout_caves, lightli_church_of_beogh, uniq_rupert
Elf:1:    layout_gridlike, serial_shops,
          nicolae_shop_temple_entry_statues_fountains, basic_altar,
          hangedman_elf_represent
Elf:2:    nicolae_elf_blades_crystal_corner, layout_gridlike, serial_shops,
          shop, shop, shop_statue, basic_altar
Elf:3:    minmay_elf_hall_dome, layout_onion_city, nicolae_trove_entry_isolated,
          ebering_ghost_gozag, grunt_ministairs_10
Vaults:1: vaults_mumra_hexcomb, v_misc_29, vaults_room_stairs_pillars,
          vaults_room_corners, v_misc_2, nicolae_vaults_ring_of_whatevers,
          hangedman_vaults_stagger, hangedman_vaults_pinch,
          ontoclasm_vaults_ring_small, nicolae_vaults_specimen_jars,
          layout_vaults_ring, uniq_nikola
Vaults:2: hangedman_vaults_cutoff, ontoclasm_vaults_loading_screen, v_rooms_3,
          nicolae_vaults_stairing_the_circle, hangedman_vaults_impose,
          st_hourglassy, v_misc_26, v_misc_26, hangedman_vaults_variations,
          grunt_vaults_bifocal, vaults_dpeg_diagonal, layout_vaults_big_cross,
          serial_shops, shop, shop
Vaults:3: vaults_standard_mumra_lines, emtedronai_trogs_sanctum,
          hangedman_vaults_corner, nicolae_vaults_angled_halls,
          nicolae_vaults_ninety_degrees, v_misc_27,
          vaults_standard_mumra_enter_the_diamond,
          nicolae_vaults_network_barrier, minmay_crypt_entry_simple_plaza,
          vaults_room_stairs_pillars, layout_vaults_omnibox, serial_shops,
          bzr_entry_safe, nicolae_shop_statue_plus, uniq_sojobo, uniq_margery
Vaults:4: ontoclasm_vaults_ring_large, v_pattern_1, v_rooms_2,
          vaults_room_stairs_pillars, v_misc_29, nicolae_vaults_little_ls,
          vaults_room_grid, special_room_vaults [special_room_orc],
          layout_vaults_omnigrid
Vaults:5: serial_shops, uniq_bai_suzhen
Crypt:1:  layout_rooms, st_stairs_9
Crypt:2:  layout_misc_corridors, ebering_ghost_disaster_area, lemuel_elevator,
          uniq_xtahua, uniq_donald, uniq_khufu
Crypt:3:  due_elkab, layout_chaotic_city, st_stairs_6
Tomb:1
Tomb:2
Tomb:3
Depths:1: layout_basic, hell_entry, serial_sigils,
          serial_sigils_hangedman_stare, serial_sigils_hangedman_confine,
          serial_sigils_hangedman_scar, serial_sigils_hangedman_scratch,
          serial_sigils_hangedman_etch, serial_sigils_hangedman_shear,
          dpeg_stationary_puzzle
Depths:2: evilmike_wizard_prison, layout_gridlike, enter_ziggurat_d,
          abyss_entry_flame_altar, rand_demon_pan_entry_4,
          minmay_curled_crystal, serial_corexii_hall,
          corexii_hall_statues_deadend, corexii_hall_statues_x,
          corexii_hall_statues_i, hell_entry
Depths:3: lemuel_minitomb, layout_cave_pools, grunt_mini_vestibule,
          mu_enter_wizlab_1, grunt_pan_entry_spiral, infiniplex_staircase_river,
          uniq_mennas
Depths:4: radiant_caverns_b_rkd, hell_entry, abyss_entry, pan_entry
Depths:5: grunt_zot_entry_funnels, layout_long_grid, special_room
          [special_room_mythical_zoo], hell_entry, chequers_serial_rivers_marsh,
          roderic_serpentine_path, minmay_evil_grid, uniq_boris
Hell
Dis:1:    layout_subdivisions, grunt_dis_stairs_iron_hall
Dis:2:    layout_subdivisions
Dis:3:    layout_gridville
Dis:4:    layout_regular_city
Dis:5:    layout_gridville, grunt_megastairs_4
Dis:6:    layout_subdivisions
Dis:7:    iron_city_of_dis [dis_old, dis_wall_6], layout_chaotic_city
Geh:1:    layout_gehenna_pools_basic, nicolae_geh_single_fiery_grave
Geh:2:    layout_gehenna_lava_caves
Geh:3:    layout_gehenna_pools_box
Geh:4:    layout_gehenna_pools_basic
Geh:5:    layout_gehenna_lava_caves
Geh:6:    layout_gehenna_pools_box, door_vault
Geh:7:    geh_grunt_pentagon
Coc:1:    layout_ice_bergs
Coc:2:    layout_cocytus_water_paths
Coc:3:    grunt_deathspiral_small, layout_ice_bergs
Coc:4:    layout_cocytus_water_paths
Coc:5:    layout_ice_bergs
Coc:6:    layout_cocytus_water_paths
Coc:7:    coc_old
Tar:1:    hangedman_damned_closets, layout_cathedral_of_symmetry
Tar:2:    layout_grid_maze
Tar:3:    layout_grid_maze
Tar:4:    layout_catacombs, evilmike_ambush [evilmike_ambush_outer_basic,
          evilmike_ambush_inner_basic]
Tar:5:    layout_grid_maze
Tar:6:    layout_honeycomb
Tar:7:    tar_minmay_river
Zot:1:    nicolae_zot_stationary_front, layout_misc_corridors
Zot:2:    layout_cellular_growth
Zot:3:    layout_cellular_growth
Zot:4:    layout_twisted_circle, hangedman_zot_decor_unnerving_road,
          hangedman_player_shredder

Skill      XL: |  1  2  3  4  5  6  7  8  9 10 11 12 13 14 15 16 17 18 19 20 21 22 23 24 25 26 27 |
---------------+----------------------------------------------------------------------------------+-----
Spellcasting   | 2 3 4 5 6 6 7 8 9 9 10 11 12 13 19 | 19.8
Necromancy     | 5 6 7 8 9 10 12 13 15 16 17 18 17 18 19 20 21 22 27 | 27.0
Fighting       | 1 2 3 4 5 6 7 8 9 10 11 12 13 17 | 17.0
Armour         | 1 2 3 5 7 8 9 10 11 10 11 12 13 14 15 16 | 16.8
Stealth        | 0 |  0.0
Dodging        | 4 5 6 7 8 9 9 10 11 12 13 14 15 17 | 17.4
Earth Magic    | 2 5 7 8 10 10 11 12 | 12.3
Evocations     | 2 3 2 |  2.6
Shields        | 1 4 4 5 7 9 11 12 13 20 | 20.9
Maces & Flails | 1 |  1.8
Axes           | 4 6 8 9 10 11 12 13 14 | 14.6
Transmutations | 2 3 4 5 6 7 8 9 10 11 21 | 21.0
Translocations | 5 6 |  6.8
Summonings     | 9 |  9.0

Action                   |  1- 3 |  4- 6 |  7- 9 | 10-12 | 13-15 | 16-18 | 19-21 | 22-24 | 25-27 || total
-------------------------+-------+-------+-------+-------+-------+-------+-------+-------+-------++-------
Melee: Dagger            |       |    18 |   113 |   193 |    97 |       |       |       |       ||   421
       Broad axe         |       |       |       |    19 |    10 |   407 |   607 |   725 |  3366 ||  5134
       Eveningstar       |       |       |       |    46 |   104 |    75 |   109 |   241 |  1585 ||  2160
       Long sword        |       |       |       |       |   168 |       |       |       |       ||   168
 Fire: Hunting sling     |    64 |    66 |   159 |   145 |   321 |    57 |    11 |       |       ||   823
Throw: Throwing net      |       |       |     2 |     3 |     2 |       |     7 |       |     1 ||    15
 Cast: Pain              |    47 |    38 |    22 |    26 |     9 |     4 |       |       |       ||   146
       Animate Skeleton  |     1 |     1 |       |     2 |     2 |       |       |       |       ||     6
       Vampiric Draining |       |    11 |    73 |   175 |   211 |   258 |   317 |   113 |   426 ||  1584
       Agony             |       |       |     1 |    32 |    26 |     5 |     5 |     1 |     6 ||    76
       Animate Dead      |       |       |     1 |     1 |     1 |     5 |     6 |     2 |     4 ||    20
       Borgnjor's Vile C |       |       |       |    15 |   227 |   273 |   246 |   248 |   819 ||  1828
       Stone Arrow       |       |       |       |       |    19 |    36 |    14 |     5 |    57 ||   131
       Wereblood         |       |       |       |       |       |     3 |     5 |    16 |    35 ||    59
       Dispel Undead     |       |       |       |       |       |       |     4 |       |   241 ||   245
       Death Channel     |       |       |       |       |       |       |    23 |    25 |    19 ||    67
       Apportation       |       |       |       |       |       |       |       |     4 |    44 ||    48
       Blink             |       |       |       |       |       |       |       |       |    21 ||    21
       Animate Armour    |       |       |       |       |       |       |       |       |     3 ||     3
       Infestation       |       |       |       |       |       |       |       |       |   451 ||   451
       Necromutation     |       |       |       |       |       |       |       |       |   183 ||   183
       Haunt             |       |       |       |       |       |       |       |       |    40 ||    40
Invok: Sacrifice Stealth |       |       |     1 |       |       |       |       |       |       ||     1
       Sacrifice Skill   |       |       |       |     1 |       |     1 |       |       |       ||     2
       Draw Out Power    |       |       |       |     1 |    15 |    24 |    14 |    21 |   190 ||   265
       Sacrifice Essence |       |       |       |     1 |       |       |       |       |       ||     1
       Apocalypse        |       |       |       |       |       |     7 |     6 |     5 |    24 ||    42
       Sacrifice Health  |       |       |       |       |       |       |       |       |     1 ||     1
 Abil: Heal Wounds       |       |       |       |       |       |       |     1 |       |     1 ||     2
       End Transformatio |       |       |       |       |       |       |       |       |     2 ||     2
Evoke: Wand              |       |     1 |     9 |    22 |    20 |    10 |     7 |     9 |    41 ||   119
  Use: Scroll            |       |       |     7 |    14 |    20 |    10 |     6 |     8 |    43 ||   108
       Potion            |       |       |       |     4 |     2 |    12 |    15 |     9 |    49 ||    91
 Stab: Sleeping          |       |       |     1 |       |       |       |       |       |       ||     1
       Paralysed         |       |       |       |     9 |       |    11 |    25 |     1 |    40 ||    86
       Invisible         |       |       |       |     1 |       |     5 |     6 |    10 |    25 ||    47
       Petrified         |       |       |       |       |     6 |       |       |       |       ||     6
       Distracted        |       |       |       |       |       |       |     6 |    22 |    75 ||   103
       Held in net/web   |       |       |       |       |       |       |     3 |       |       ||     3
Armor: Robe              |     2 |     1 |       |       |       |       |       |       |       ||     3
       Ring mail         |       |     7 |     8 |       |       |       |       |       |       ||    15
       Swamp dragon scal |       |       |    47 |   243 |   303 |   345 |       |       |       ||   938
       Leather armour    |       |       |       |       |     2 |       |       |       |       ||     2
       Chain mail        |       |       |       |       |       |   299 |   615 |       |   319 ||  1233
       Plate armour      |       |       |       |       |       |       |    70 |   705 |  3465 ||  4240
Dodge: Dodged            |     6 |    23 |    77 |   289 |   422 |   675 |   625 |   449 |  2542 ||  5108
Block: Buckler           |       |       |       |       |   132 |   243 |   440 |   567 |  1449 ||  2831
       Reflection        |       |       |       |       |       |       |     9 |    26 |    63 ||    98
       Tower shield      |       |       |       |       |       |       |       |   165 |  2679 ||  2844
       Kite shield       |       |       |       |       |       |       |       |       |  2024 ||  2024
       Rpst.: Long sword |       |       |       |       |    54 |       |       |       |       ||    54
